 Dungeon Crawl Stone Soup version 0.24.1-14-gf8d2b509d9 (webtiles) character file.

Game seed: 17365071130269583080, levelgen mode: deterministic

19118357 TittyCrusher the Talismancer (level 27, 192/192 HPs)
             Began as a Deep Elf Fire Elementalist on Apr 22, 2024.
             Was the Champion of Vehumet.
             Escaped with the Orb
             ... and 15 runes on Apr 23, 2024!
             The game lasted 09:31:45 (80810 turns).

TittyCrusher the Talismancer (DEFE)                Turns: 80810, Time: 09:31:46

Health: 192/192    AC: 41    Str: 15    XL:     27
Magic:  47/59      EV: 34    Int: 47    God:    Vehumet [******]
Gold:   10637      SH:  7    Dex: 31    Spells: 3/78 levels left

rFire    + + .     SeeInvis .   a - +3 Elemental Staff {rElec rF++ rC++ MR++ AC+5}
rCold    + + +     Gourm    .   W - +0 buckler of Ethics {rElec rC+ Dex+5}
rNeg     + + +     Faith    .   d - +4 troll leather armour {Snorg}
rPois    ∞         Spirit   .   H - +0 Maxwell's etheric cage {RegenMP+ *Contam rElec MP+4}
rElec    +         Reflect  .   e - +1 cloak of Purpose {rCorr Int+2}
rCorr    +         Harm     +   A - +0 pair of gloves of Satisfaction {Str+2 Dex+5 Slay-4}
MR       +++++                  v - +2 pair of boots "Wueloky" {+Blink Regen+}
Stlth    +++.......             L - amulet of Erhucrum {Harm *Drain Int+4 Dex+2}
HPRegen  1.62/turn              G - ring "Kuyng" {AC+4 Str+3 Int+3 Dex+2} MPRegen 0.86/turn*
                                p - ring of Foolhardiness {AC+5 Str+3 Int+4 Dex+2}

@: lich-form, studying 2 skills
A: blink, regeneration 1, strong 1, wild magic 1
0: Orb of Zot
}: 15/15 runes: serpentine, barnacled, slimy, silver, golden, iron, obsidian,
icy, bone, abyssal, demonic, glowing, magical, fiery, dark
a: End Transformation, Blink, Renounce Religion, Evoke Blink


You escaped.
You worshipped Vehumet.
Vehumet was exalted by your worship.
You were not hungry.
You were a lich.
You visited 18 branches of the dungeon, and saw 87 of its levels.
You visited Pandemonium 3 times, and saw 17 of its levels.
You visited the Abyss 4 times.
You completed 1 ziggurat, and saw 27 of its levels.
You also visited: Sewer, Bailey, Ice Cave and Desolation.

You collected 13158 gold pieces.
You spent 2521 gold pieces at shops.

Inventory:

Hand Weapons
 a - the +3 Elemental Staff (weapon) {rElec rF++ rC++ MR++ AC+5}
   (You found it on level 3 of the Elven Halls)

   It affects your AC (+5).
   It greatly protects you from fire.
   It greatly protects you from cold.
   It insulates you from electricity.
   It affects your resistance to hostile enchantments.
 b - the +4 staff of Dispater
   (You took it off Dispater on level 7 of the Iron City of Dis)
Armour
 d - a +4 troll leather armour (worn) {Snorg}
 e - the +1 cloak of Purpose (worn) {rCorr Int+2}
   (You found it on level 4 of the Lair of Beasts)

   It affects your intelligence (+2).
   It provides partial protection from all sources of acid and corrosion.
 j - a scarf of resistance
 v - the +2 pair of boots "Wueloky" (worn) {+Blink Regen+}
   (You found it on level 17 of a ziggurat)

   It lets you blink.
   It increases your rate of regeneration.
 A - the +0 pair of gloves of Satisfaction (worn) {Str+2 Dex+5 Slay-4}
   (You found it on level 7 of a ziggurat)

   It affects your strength (+2).
   It affects your dexterity (+5).
   It affects your accuracy and damage with ranged weapons and melee attacks
   (-4).
 F - the +0 helmet of Pylizo Jefa {rElec MR- Int+7}
   (You found it on level 21 of a ziggurat)

   It affects your intelligence (+7).
   It insulates you from electricity.
   It affects your resistance to hostile enchantments.
 H - the +0 Maxwell's etheric cage (worn) {RegenMP+ *Contam rElec MP+4}
   (You found it on level 23 of a ziggurat)

   It insulates you from electricity.
   It affects your magic capacity (+4).
   It causes magical contamination when unequipped.
 K - a +2 robe of the Archmagi
 W - the +0 buckler of Ethics (worn) {rElec rC+ Dex+5}
   (You found it on level 2 of the Depths)

   It affects your dexterity (+5).
   It protects you from cold.
   It insulates you from electricity.
Magical Staves
 o - an uncursed staff of power
 u - an uncursed staff of earth
 O - an uncursed staff of conjuration
 R - an uncursed staff of energy
Jewellery
 p - the ring of Foolhardiness (right hand) {AC+5 Str+3 Int+4 Dex+2}
   (You found it on level 20 of a ziggurat)

   [ring of protection]

   It affects your AC (+5).
   It affects your strength (+3).
   It affects your intelligence (+4).
   It affects your dexterity (+2).
 G - the ring "Kuyng" (left hand) {AC+4 Str+3 Int+3 Dex+2}
   (You found it on level 21 of a ziggurat)

   [ring of protection]

   It affects your AC (+4).
   It affects your strength (+3).
   It affects your intelligence (+3).
   It affects your dexterity (+2).
 L - the amulet of Erhucrum (around neck) {Harm *Drain Int+4 Dex+2}
   (You found it on level 18 of a ziggurat)

   [amulet of harm]

   It increases damage dealt and taken.
   It affects your intelligence (+4).
   It affects your dexterity (+2).
   It causes draining when unequipped.
 V - the ring of Fallacy {rN+ Int+3 Dex+2}
   (You found it on level 3 of the Tomb of the Ancients)

   [ring of positive energy]

   It affects your intelligence (+3).
   It affects your dexterity (+2).
   It protects you from negative energy.
Wands
 k - a wand of digging (40)
 Q - a wand of clouds (2)
Scrolls
 f - 7 scrolls of identify
 g - 41 scrolls of remove curse
 h - 8 scrolls of holy word
 i - 11 scrolls of blinking
 t - 46 scrolls of teleportation
 w - 2 scrolls of amnesia
 y - 4 scrolls of magic mapping
 D - a scroll of enchant armour
 J - 9 scrolls of fear
 M - 19 scrolls of fog
 P - 10 scrolls of immolation
Potions
 m - 25 potions of curing
 q - 13 potions of flight
 r - 7 potions of heal wounds
 s - 5 potions of haste
 x - 5 potions of agility
 z - 3 potions of magic
 B - 5 potions of brilliance
 C - 5 potions of resistance
 E - 5 potions of cancellation
 N - a potion of ambrosia
 X - 3 potions of invisibility
 Z - 8 potions of mutation
Books
 n - a manual of Shields
 T - a manual of Translocations
Miscellaneous
 l - a lamp of fire
 I - a lightning rod (4/4)
 S - 2 +1 figurines of a ziggurat
 U - a crystal ball of energy
Comestibles
 c - 80 rations


   Skills:
 - Level 24.6 Fighting
   Level 0.2 Short Blades
 - Level 12.0 Staves
 - Level 18.0 Armour
 - Level 20.1 Dodging
 - Level 22.1 Stealth
 - Level 4.0 Shields
 - Level 26.1 Spellcasting
 - Level 23.1 Conjurations
 - Level 4.8 Charms
 - Level 4.1 Summonings
 - Level 16.5 Necromancy
 - Level 15.9 Translocations
 - Level 15.3 Transmutations
 - Level 23.1 Fire Magic
 + Level 18.4 Ice Magic
 - Level 18.2 Air Magic
 - Level 21.1 Earth Magic
 O Level 27 Evocations


You had 3 spell levels left.
You knew the following spells:

 Your Spells              Type           Power        Failure   Level  Hunger
a - Fire Storm            Conj/Fire      #########.   1%          9    N/A
b - Regeneration          Chrm/Necr      ########..   1%          3    N/A
c - Glaciate              Conj/Ice       ########..   2%          9    N/A
d - Controlled Blink      Tloc           N/A          4%          8    N/A
e - Tornado               Air            ########..   5%          9    N/A
f - Blink                 Tloc           N/A          1%          2    N/A
g - Summon Butterflies    Summ           #######.     1%          1    N/A
h - Shatter               Erth           ########..   1%          9    N/A
i - Apportation           Tloc           ######       1%          1    N/A
j - Necromutation         Tmut/Necr      #########.   4%          8    N/A
k - Statue Form           Tmut/Erth      ########.    1%          6    N/A
l - Lehudib's Crystal Sp  Conj/Erth      #########.   1%          8    N/A
m - Swiftness             Chrm/Air       ########     1%          2    N/A

Your spell library contained the following spells:

 Spells                   Type           Power        Failure   Level  Hunger
 Animate Skeleton         Necr           N/A          1%          1    N/A
 Beastly Appendage        Tmut           ######       1%          1    N/A
 Confusing Touch          Hex            ######       1%          1    N/A
 Corona                   Hex            ######.      1%          1    N/A
 Flame Tongue             Conj/Fire      #####        1%          1    N/A
 Freeze                   Ice            ####         1%          1    N/A
 Infusion                 Chrm           ####         1%          1    N/A
 Magic Dart               Conj           ####         1%          1    N/A
 Pain                     Necr           ####         1%          1    N/A
 Sandblast                Erth           ######       1%          1    N/A
 Shock                    Conj/Air       ####         1%          1    N/A
 Sting                    Conj/Pois      ####         1%          1    N/A
 Summon Small Mammal      Summ           ####         1%          1    N/A
 Call Imp                 Summ           #######.     1%          2    N/A
 Corpse Rot               Necr           N/A          1%          2    N/A
 Ensorcelled Hibernation  Hex/Ice        ######       1%          2    N/A
 Passwall                 Tmut/Erth      ########     1%          2    N/A
 Poisonous Vapours        Pois/Air       ######       1%          2    N/A
 Searing Ray              Conj           ######       1%          2    N/A
 Shroud of Golubria       Chrm/Tloc      ######       1%          2    N/A
 Slow                     Hex            ######..     1%          2    N/A
 Sticks to Snakes         Tmut           ########     1%          2    N/A
 Sublimation of Blood     Necr           #########.   1%          2    N/A
 Throw Flame              Conj/Fire      ######       1%          2    N/A
 Throw Frost              Conj/Ice       ######       1%          2    N/A
 Call Canine Familiar     Summ           #######.     1%          3    N/A
 Confuse                  Hex            ######..     1%          3    N/A
 Conjure Flame            Conj/Fire      ########     1%          3    N/A
 Dazzling Spray           Conj/Hex       ######       1%          3    N/A
 Gell's Gravitas          Tloc           ########..   1%          3    N/A
 Ignite Poison            Fire/Tmut/Pois ########     1%          3    N/A
 Inner Flame              Hex/Fire       ########     1%          3    N/A
 Lesser Beckoning         Tloc           ########..   1%          3    N/A
 Mephitic Cloud           Conj/Pois/Air  ########     1%          3    N/A
 Ozocubu's Armour         Chrm/Ice       ########     1%          3    N/A
 Portal Projectile        Hex/Tloc       ######       1%          3    N/A
 Recall                   Summ/Tloc      N/A          1%          3    N/A
 Spectral Weapon          Hex/Chrm       #######.     1%          3    N/A
 Spider Form              Tmut/Pois      ########..   1%          3    N/A
 Static Discharge         Conj/Air       ########     1%          3    N/A
 Stone Arrow              Conj/Erth      ######       1%          3    N/A
 Summon Guardian Golem    Hex/Summ       #######.     1%          3    N/A
 Teleport Other           Tloc           ########     1%          3    N/A
 Tukima's Dance           Hex            ######..     1%          3    N/A
 Vampiric Draining        Necr           #########.   1%          3    N/A
 Airstrike                Air            ########..   1%          4    N/A
 Animate Dead             Necr           N/A          1%          4    N/A
 Force Lance              Conj/Tloc      ########     1%          4    N/A
 Fulminant Prism          Conj/Hex       ########..   1%          4    N/A
 Ice Form                 Ice/Tmut       ########     1%          4    N/A
 Iskenderun's Mystic Bla  Conj           ########     1%          4    N/A
 Leda's Liquefaction      Hex/Erth       ########..   1%          4    N/A
 Petrify                  Tmut/Erth      ########     1%          4    N/A
 Sticky Flame             Conj/Fire      ########     1%          4    N/A
 Summon Ice Beast         Ice/Summ       ########     1%          4    N/A
 Summon Lightning Spire   Summ/Air       ########     1%          4    N/A
 Throw Icicle             Conj/Ice       ########     1%          4    N/A
 Alistair's Intoxication  Tmut/Pois      ########     1%          5    N/A
 Blade Hands              Tmut           ########..   1%          5    N/A
 Bolt of Magma            Conj/Fire/Erth #########.   1%          5    N/A
 Borgnjor's Vile Clutch   Necr/Erth      #########.   1%          5    N/A
 Excruciating Wounds      Chrm/Necr      ########..   1%          5    N/A
 Fireball                 Conj/Fire      #########.   1%          5    N/A
 Irradiate                Conj/Tmut      ########..   1%          5    N/A
 Iskenderun's Battlesphe  Conj/Chrm      ########     1%          5    N/A
 Lee's Rapid Deconstruct  Erth           ########..   1%          5    N/A
 Lightning Bolt           Conj/Air       ########..   1%          5    N/A
 Metabolic Englaciation   Hex/Ice        ########..   1%          5    N/A
 Silence                  Hex/Air        ########..   1%          5    N/A
 Summon Forest            Summ/Tloc      ########..   1%          5    N/A
 Venom Bolt               Conj/Pois      ########..   1%          5    N/A
 Yara's Violent Unravell  Hex/Tmut       ########..   1%          5    N/A
 Bolt of Cold             Conj/Ice       ########..   1%          6    N/A
 Bolt of Fire             Conj/Fire      #########.   1%          6    N/A
 Conjure Ball Lightning   Conj/Air       ########..   1%          6    N/A
 Death Channel            Necr           #########.   1%          6    N/A
 Deflect Missiles         Chrm/Air       ########..   1%          6    N/A
 Dispersal                Tloc           ########..   1%          6    N/A
 Freezing Cloud           Conj/Ice/Air   ########..   1%          6    N/A
 Hydra Form               Tmut           ########..   1%          6    N/A
 Iron Shot                Conj/Erth      #########.   1%          6    N/A
 Ozocubu's Refrigeration  Ice            ########..   1%          6    N/A
 Poison Arrow             Conj/Pois      ########..   1%          6    N/A
 Simulacrum               Ice/Necr       #########.   1%          6    N/A
 Dragon Form              Tmut           ########..   1%          7    N/A
 Orb of Destruction       Conj           #########.   1%          7    N/A
 Ring of Flames           Chrm/Fire      ########..   1%          7    N/A
 Spellforged Servitor     Conj/Summ      ########..   1%          7    N/A
 Chain Lightning          Conj/Air       ########..   1%          8    N/A
 Ignition                 Fire           #########.   1%          8    N/A
 Aura of Abjuration       Summ           #######...   2%          5    N/A
 Summon Demon             Summ           #######...   2%          5    N/A
 Borgnjor's Revivificati  Necr           #########.   3%          8    N/A
 Infestation              Necr           #########.   3%          8    N/A
 Cause Fear               Hex            ######....   4%          4    N/A
 Summon Mana Viper        Hex/Summ       #######.     4%          5    N/A
 Haunt                    Necr/Summ      ########..   4%          7    N/A
 Disjunction              Tloc           ########..   4%          8    N/A
 Malign Gateway           Summ/Tloc      ########..   5%          7    N/A
 Shadow Creatures         Summ           N/A          10%         6    N/A
 Death's Door             Chrm/Necr      ########..   26%         8    N/A
 Darkness                 Hex            ######....   43%         6    N/A
 Invisibility             Hex            ######..     43%         6    N/A
 Monstrous Menagerie      Summ           #######...   43%         7    N/A
 Summon Greater Demon     Summ           #######...   43%         7    N/A
 Summon Hydra             Summ           #######...   43%         7    N/A
 Summon Horrible Things   Summ           #######...   97%         8    N/A
 Discord                  Hex            ######....   100%        8    N/A
 Dragon's Call            Summ           #######...   100%        9    N/A
 Passage of Golubria      Tloc           Unusable     N/A         4    N/A

Dungeon Overview and Level Annotations

Branches:
Dungeon (15/15)            Temple (1/1) D:5            Lair (6/6) D:10
 Shoals (4/4) Lair:4        Snake (4/4) Lair:2        Slime (5/5) Lair:5
    Orc (2/2) D:11            Elf (3/3) Orc:2        Vaults (5/5) D:13
  Crypt (3/3) Vaults:3       Tomb (3/3) Crypt:3      Depths (5/5) D:15
   Hell (visited)             Dis (7/7) Hell            Geh (7/7) Hell
    Coc (7/7) Hell            Tar (7/7) Hell            Zot (5/5) Depths:5
  Sewer (visited)          Bailey (visited)           IceCv (visited)
Desolation (visited)

Altars:
Ashenzari
Cheibriados
Dithmenos
Elyvilon
Fedhas
Gozag
Hepliaklqana
Kikubaaqudgha
Makhleb
Nemelex Xobeh
Okawaru
Qazlal
Ru
Sif Muna
Trog
Uskayaw
Vehumet
Wu Jian
Yredelemnul
Zin
The Shining One
Beogh
Jiyva

Shops:
D:10 *   D:15 [   Orc:1 =   Orc:2 [*(*   Elf:3 (   Snake:2 %(   Depths:4 %

Portals:
Hell: Depths:1 Depths:2 Depths:3 Depths:4 Depths:5
Abyss: Depths:4 Depths:5
Pandemonium: Depths:3

Annotations:
D:1 exclusion: downstairs
D:4 exclusion: 2 downstairs
D:9 1 runed translucent door, exclusion: crimson imp
Lair:2 exclusion: downstairs
Shoals:3 exclusion: downstairs
Orc:2 tkbsonic5's ghost, journeyman GrCK
Elf:2 7 runed translucent doors, SlowGraham's ghost, veteran FoEE


Innate Abilities, Weirdness & Mutations

You can translocate small distances at will.
Your natural rate of healing is unusually fast.
Your muscles are strong. (Str +2)
Your spells are a little harder to cast, but a little more powerful.


Message History

You kill the Orb Guardian!
Vehumet accepts your kill.
You feel your power returning.
Ka-crash!
Unknown command.
Casting: Shatter (slightly dangerous; 1% risk of failure)
Confirm with . or Enter, or press ? or * to list all spells.
Okay, then.
Casting: Shatter (slightly dangerous; 1% risk of failure)
Confirm with . or Enter, or press ? or * to list all spells.
The dungeon rumbles!
A door shatters!
Ka-crash!
Unknown command.
Unknown command.
There is a staircase leading out of the dungeon here.
Casting: Shatter (slightly dangerous; 1% risk of failure)
Confirm with . or Enter, or press ? or * to list all spells.
Your body is suffused with negative energy!
You have escaped!

.....# #..##....♣...............#
.....# ####♣......♣♣♣#'''#♣♣.....
....... ♣♣......♣###...###♣♣...
...... #♣♣♣......♣ #.......# ♣♣♣♣
.....##♣.....♣..####.......#### ♣
......♣.....♣♣..#..#.......'..###
.....#♣♣...♣♣.#....#.8...8.#....#
.....#♣♣....♣♣#....#...⌠...#....#
.....##.♣..♣♣ #.L....8...8.#....#
......#.♣..♣♣ #........8...#....#
.......##♣..♣♣#####.#############
........#♣....♣ #...#...#...# ♣.
......#.#♣....♣ #...#...#..># ♣.
.....##.#♣♣...♣♣ ##..'...#..##♣♣.
......#.##♣....♣♣♣#..#####..#♣...
.........##♣.....♣##.......##....
..........##.....♣♣####'####....#


There were no monsters in sight!

Vanquished Creatures
  Cerebov (Pan)
  the Royal Jelly (Slime:5)
  Lom Lobon (Pan)
  Mnoleg (Pan)
  Dispater (Dis:7)
  5 orbs of fire
  Khufu (Tomb:1)
  20 ancient liches
  17 juggernauts
  16 pandemonium lords
  Sojobo (Tomb:1)
  9 Killer Klowns
  29 greater mummies
  Frederick (Depths:5)
  3 shard shrikes (Coc:3)
  Geryon (Hell)
  3 caustic shrikes (Depths:5)
  3 curse toes
  21 golden dragons
  Nikola (Depths:1)
  5 profane servitors
  2 pearl dragons (Zig:10)
  13 bone dragons
  Jory (Tomb:1)
  3 doom hounds
  4 electric golems
  16 Tzitzimimeh
  10 Brimstone Fiends
  19 liches
  7 iron giants
  A hellephant (Pan)
  7 Hell Sentinels
  27 Orb Guardians
  19 tentacled monstrosities
  16 Ice Fiends
  14 titans
  8 quicksilver dragons
  5 deep elf master archers
  2 quicksilver dragons (shapeshifter) (Zig:16)
  The ghost of rjrrt the Devastator, an adept DEFE of Vehumet (Elf:3)
  7 deep elf blademasters
  30 ancient champions
  15 acid blobs
  7 tentacled starspawn
  Frances (D:14)
  24 Executioners
  9 death cobs
  An eldritch tentacle (Zig:25)
  The ghost of Viocziel the Brawler, an adept TrMo of Nemelex Xobeh (Depths:1)
  A thorn hunter (Zig:13)
  21 sphinxes
  9 storm dragons
  8 tengu reavers
  Kirke (D:14)
  7 shadow dragons
  Donald (Crypt:2)
  27 draconian monks
  6 nagarajas (Snake:4)
  16 azure jellies
  4 daevas
  33 revenants
  13 fire giants
  13 draconian knights
  21 balrugs
  7 deep elf sorcerers
  14 draconian scorchers
  10 corrupters
  11 vault wardens
  3 ghost moths
  5 imperial myrmidons (Desolation)
  15 frost giants
  3 iron dragons
  Louise (Shoals:1)
  The ghost of Gosau the Carver, a journeyman DsGl of Makhleb (D:15)
  13 draconian shifters
  12 orc warlords
  16 cacodemons
  11 curse skulls
  8 warmongers
  3 angels
  4 deep elf elementalists
  23 draconian stormcallers
  21 draconian annihilators
  14 ghouls
  14 ironheart preservers
  2 spriggan defenders (Depths:5)
  23 war gargoyles
  36 vampire knights
  4 elemental wellsprings (Coc:7)
  29 stone giants
  51 reapers
  2 ophanim (Zig:10)
  19 very ugly things
  8 blood saints
  An entropy weaver (shapeshifter) (Zig:24)
  18 green draconians
  22 red draconians
  10 black suns
  2 apis (Zig:10)
  9 deep elf demonologists
  8 black draconians
  2 dire elephants (Abyss:4)
  2 bennus (Tomb:1)
  18 white draconians
  14 deep elf annihilators
  18 purple draconians
  4 spark wasps
  8 lorocyprocas
  A halazid warlock (Desolation)
  16 yellow draconians
  10 merfolk javelineers
  8 green deaths
  27 mummy priests
  Snorg (Orc:1)
  12 death oozes
  22 deep elf death magi
  32 eidola
  5 merfolk impalers
  5 crystal guardians
  14 blizzard demons
  10 fire dragons
  20 deep elf high priests
  21 ettins
  2 spectral krakens (Tar:7)
  5 quicksilver dragon zombies
  15 great orbs of eyes
  A kraken zombie (Hell)
  14 yaktaur captains
  7 ragged hierophants (Desolation)
  12 ogre magi
  15 ice dragons
  2 quicksilver dragon skeletons
  3 jiangshi
  18 naga warriors
  17 hydras
  10 peacekeepers (Desolation)
  4 monstrous demonspawn (Pan)
  5 servants of whispers (Desolation)
  12 rakshasas
  9 centaur warriors
  28 vault guards
  3 ghost crabs
  2 catoblepae
  A hydra (shapeshifter) (Zig:24)
  2 shambling mangroves
  3 anacondas (shapeshifter)
  10 hell beasts
  6 merfolk aquamancers
  4 spriggan air magi
  13 anacondas
  7 satyrs
  A merfolk avatar (Shoals:4)
  20 dancing weapons
  3 alligators
  11 death yaks
  An alligator snapping turtle (Shoals:3)
  5 deep troll shamans
  6 death knights
  32 two-headed ogres
  23 death scarabs (Tomb:1)
  21 vampire magi
  6 naga sharpshooters
  2 shock serpents (shapeshifter)
  17 tengu warriors
  4 thrashing horrors
  The ghost of cstieg1 the Destroyer, a novice HuCj of the Shining One (D:8)
  Urug (D:13)
  3 deep troll earth magi
  4 hell hogs
  9 spriggan berserkers
  4 titan zombies
  15 orc high priests
  5 iron golems
  17 shock serpents
  36 sun demons
  5 wretched stars
  3 spriggans (Depths:5)
  25 hell knights
  20 deep elf knights
  14 iron trolls
  A fire crab (shapeshifter) (Vaults:4)
  19 sixfirhies
  30 soul eaters
  13 shadow wraiths
  62 skeletal warriors
  A spatial maelstrom (Zig:12)
  7 salamander mystics
  3 titan skeletons
  3 cherubim (Zig:10)
  6 anaconda zombies
  4 storm dragon zombies
  A death drake (shapeshifter) (Vaults:4)
  14 sea snakes
  2 death drakes
  2 spriggan druids
  3 storm dragon skeletons
  A sea snake (shapeshifter) (Zig:24)
  A quicksilver dragon simulacrum (Depths:3)
  5 gelid demonspawn (Pan)
  3 swamp dragons
  28 starcursed masses
  18 shadow demons
  3 unseen horrors
  A golden dragon zombie (Dis:7)
  10 glowing orange brains
  3 obsidian statues
  8 infernal demonspawn
  5 naga ritualists (Snake:4)
  7 deep trolls
  3 kraken simulacra
  6 torturous demonspawn (Pan)
  25 flayed ghosts
  12 lindwurms
  A lindwurm (shapeshifter) (Zig:24)
  22 deep elf archers
  A golden dragon skeleton (Coc:7)
  4 orange crystal statues
  17 wizards
  An iron giant skeleton (Crypt:2)
  2 shadow dragon zombies
  7 wolf spider zombies
  17 orc knights
  2 harpies (shapeshifter) (Zig:24)
  3 anaconda skeletons
  19 ironbrand convokers
  9 necromancers
  A harpy (Shoals:4)
  35 phantasmal warriors
  18 mana vipers
  3 stone giant zombies
  6 iron dragon zombies
  4 shining eyes
  2 salamanders (shapeshifter)
  5 frost giant zombies
  32 ugly things
  21 fauns
  A sphinx skeleton (Crypt:2)
  2 shining eyes (shapeshifter)
  16 orc sorcerers
  21 manticores
  An elephant (shapeshifter) (Zig:16)
  77 deep elf magi
  13 cyclopes
  A manticore (shapeshifter) (Zig:24)
  7 wolf spiders
  6 worldbinders
  36 moths of wrath
  11 guardian serpents
  8 salamanders
  5 fire giant skeletons
  23 elephants
  A moth of wrath (shapeshifter) (Vaults:5)
  2 dire elephant zombies
  3 stone giant skeletons
  7 merfolk sirens
  8 ice statues
  6 fire giant zombies
  32 black mambas
  A frost giant skeleton (Coc:7)
  2 apocalypse crabs (Zig:16)
  A guardian serpent (shapeshifter) (Vaults:1)
  20 naga magi
  2 molten gargoyles
  34 smoke demons
  5 water nymphs
  33 rust devils
  A gargoyle (D:10)
  18 vault sentinels
  5 eyes of devastation
  15 orange demons
  A dire elephant skeleton (Tar:7)
  16 spiny frogs
  2 spriggan zombies
  2 storm dragon simulacra
  2 eyes of devastation (shapeshifter)
  A yellow draconian zombie (Crypt:2)
  4 rime drakes
  10 spectral swamp worms (Tar:7)
  5 efreet
  55 yaktaurs
  A white draconian zombie (Abyss:1)
  22 freezing wraiths
  A catoblepas zombie (Crypt:3)
  33 hellions
  15 ice devils
  A yaktaur (shapeshifter) (Abyss:4)
  6 hydra zombies
  24 tormentors
  6 komodo dragons
  3 demonic crawlers
  21 red devils
  8 hellwings
  48 guardian mummies
  A queen bee (shapeshifter) (Depths:1)
  4 ancient zymes
  48 merfolk
  14 trolls
  A wolf spider simulacrum (Vaults:1)
  2 silent spectres
  2 jumping spiders (Crypt:3)
  A queen ant zombie (Crypt:1)
  52 saltlings
  A sea snake skeleton (Crypt:2)
  12 polar bears
  2 meliai (shapeshifter)
  2 polar bears (shapeshifter) (Depths:5)
  2 hydra skeletons
  A troll (shapeshifter) (Depths:5)
  A tyrant leech (shapeshifter) (Zig:21)
  A slime creature (shapeshifter) (Zig:21)
  4 harpy zombies
  10 hornets
  12 wind drakes
  A hornet (shapeshifter) (Vaults:5)
  Prince Ribbit (Lair:2)
  A wind drake (shapeshifter) (Depths:3)
  2 tyrant leeches (D:13)
  3 bog bodies
  17 blink frogs
  136 slime creatures
  8 raiju
  2 frost giant simulacra
  2 fire dragon zombies
  8 snapping turtles
  4 ettin zombies
  12 hippogriffs
  A dream sheep (shapeshifter) (Zig:21)
  12 dream sheep
  2 blink frogs (shapeshifter)
  8 ice dragon zombies
  A satyr skeleton (Crypt:2)
  13 redbacks
  2 alligator zombies
  3 air elementals
  2 fire dragon skeletons
  A black mamba zombie (Tar:6)
  24 large abominations
  12 shadows
  24 ynoxinuls
  41 flying skulls
  A spriggan (shapeshifter) (Vaults:5)
  A wyvern (shapeshifter) (Elf:2)
  22 water elementals
  46 yaks
  4 vampires
  A tarantella (shapeshifter) (Zig:18)
  A wyvern (D:14)
  An ettin skeleton (Tar:7)
  27 wraiths
  4 hogs (D:14)
  A human (shapeshifter) (Zig:12)
  A basilisk (shapeshifter) (Vaults:2)
  2 golden eyes (shapeshifter)
  21 fire elementals
  2 hogs (shapeshifter)
  38 ushabtiu
  A fire bat (shapeshifter) (Vaults:5)
  3 basilisks
  6 fire bats
  4 golden eyes (Pan)
  15 chaos spawn
  4 hungry ghosts
  An alligator skeleton (Hell)
  4 vampire mosquitoes
  13 wargs
  2 spatial vortices (Dis:6)
  17 neqoxecs
  Menkaure (D:7)
  2 swamp worms (shapeshifter)
  33 nagas
  A monstrous demonspawn zombie (Crypt:1)
  2 soldier ants
  3 spiny frog zombies
  An insubstantial wisp (Zig:13)
  15 water moccasins
  40 hell hounds
  A hydra simulacrum (Hell)
  A floating eye (shapeshifter) (Zig:16)
  3 acid dragons
  52 orc warriors
  2 floating eyes
  7 porcupines
  Purgy (Sewer)
  3 swamp drakes
  5 ice beasts
  16 small abominations
  3 spiny frog skeletons
  7 eyes of draining
  2 sky beasts
  2 black bears
  A hornet zombie (D:15)
  A manticore zombie (Geh:6)
  4 phantoms
  5 ettin simulacra (Depths:3)
  9 centaurs
  25 necrophages
  3 snapping turtle zombies
  23 wolves
  5 boggarts (Vaults:1)
  30 ogres
  5 crocodiles
  2 snapping turtle skeletons
  A swamp dragon skeleton (Tomb:2)
  2 rime drake zombies (Crypt:1)
  8 big kobolds
  27 bullfrogs
  6 earth elementals
  A glowing shapeshifter simulacrum (Zig:12)
  A spectral warg (Orc:2)
  8 wyvern skeletons
  A scorpion (shapeshifter) (Vaults:5)
  3 scorpions
  An elf simulacrum (Vaults:3)
  7 killer bees
  39 wights
  4 howler monkeys
  An electric eel (Lair:3)
  17 crimson imps
  2 centaur zombies
  7 hounds
  4 bullfrog zombies
  5 jellies
  A human zombie (Geh:5)
  23 orc priests
  22 orc wizards
  6 iguanas
  11 iron imps
  2 bullfrog skeletons
  5 centaur skeletons
  Terence (D:2)
  3 spectral orcs (Orc:2)
  2 porcupine zombies
  A killer bee zombie (D:6)
  14 worker ants
  A troll simulacrum (Orc:2)
  An acid dragon zombie (Crypt:1)
  An ogre zombie (Crypt:3)
  A deep dwarf skeleton (Crypt:2)
  A hound zombie (Crypt:2)
  A tengu skeleton (Tar:6)
  A hound skeleton (Crypt:1)
  48 mummies
  Robin (D:2)
  18 adders
  2 ogre simulacra (Orc:2)
  A swamp drake zombie (Crypt:2)
  10 shadow imps
  A steam dragon skeleton (Crypt:2)
  12 white imps
  7 oozes
  An orc simulacrum (Orc:2)
  An ufetubus (Abyss:1)
  An ooze (shapeshifter) (Zig:16)
  An adder zombie (Crypt:2)
  An adder skeleton (D:4)
  3 worms
  2 ball lightnings (Pan)
  A barachi skeleton (Crypt:1)
  3 dart slugs
  8 leopard geckos
  89 orcs
  8 ball pythons
  8 bats
  20 giant cockroaches
  16 goblins
  8 hobgoblins
  10 jackals
  27 kobolds
  7 quokkas
  3 frilled lizards
  A giant cockroach zombie (D:5)
  A gnoll simulacrum (Orc:2)
  A goblin skeleton (Crypt:1)
  2 jackal skeletons
  An orc zombie (Geh:1)
  A quokka skeleton (D:4)
  A quokka zombie (D:6)
  7 rats
  57 blocks of ice
  2 bushes (Lair:6)
  A butterfly (D:9)
  5 crawling corpses
  210 fire vortices
  A fungus (Lair:2)
  34 plants
  2 starspawn tentacles
  9 tentacles
  5 withered plants
5089 creatures vanquished.

Vanquished Creatures (collateral kills)
  2 greater mummies (Tomb:1)
  A golden dragon (Vaults:5)
  2 profane servitors
  A Tzitzimitl (Tar:2)
  2 liches
  A titan (Vaults:5)
  A death cob (Zot:5)
  A tentacled starspawn (Zig:12)
  An ancient champion (Crypt:2)
  2 storm dragons
  A nagaraja (Snake:4)
  A draconian monk (Zig:20)
  A daeva (Zig:10)
  A frost giant (Vaults:5)
  An imperial myrmidon (Desolation)
  2 orc warlords (Zig:23)
  Ilsuiw (Shoals:2)
  2 draconian stormcallers
  A draconian annihilator (Zig:15)
  An ironheart preserver (Vaults:4)
  A stone giant (Depths:2)
  A vampire knight (Depths:3)
  A green draconian (Zot:4)
  2 black draconians
  A purple draconian (Zot:5)
  A white draconian (Depths:5)
  A red draconian (Depths:5)
  A deep elf annihilator (Elf:3)
  An ettin (Vaults:4)
  A deep elf death mage (Elf:3)
  An eidolon (Zig:14)
  A yaktaur captain (Depths:5)
  A deep elf high priest (Vaults:5)
  A great orb of eyes (Depths:2)
  A vault guard (Vaults:5)
  An ogre mage (Vaults:5)
  A hydra (Zig:13)
  A naga warrior (Snake:4)
  A peacekeeper (Desolation)
  An anaconda (Snake:4)
  A shambling mangrove (Zig:11)
  A death knight (Vaults:3)
  2 skeletal warriors
  An anaconda zombie (Crypt:2)
  A shadow demon (Tar:2)
  A deep troll (Vaults:5)
  A quicksilver dragon simulacrum (Depths:3)
  An obsidian statue (Depths:4)
  A phantasmal warrior (Vaults:5)
  An orc knight (Vaults:4)
  2 deep elf magi (Vaults:1)
  4 ugly things
  A fire giant zombie (Tar:3)
  A stone giant skeleton (Zig:2)
  A naga mage (Snake:4)
  A hydra zombie (Coc:7)
  2 slime creatures
  5 saltlings (Desolation)
  A starcursed mass (Abyss:1)
  A vampire (Vaults:3)
  A chaos spawn (Zig:25)
  2 neqoxecs (Pan)
  A warg (Zig:19)
  A floating eye (Depths:2)
  A floating eye (shapeshifter) (Zig:16)
  An ogre (Zig:19)
  An orc priest (Zig:19)
  An orc wizard (Vaults:1)
  5 mummies
  A barachi zombie (Crypt:1)
  4 orcs
  2 blocks of ice
  3 crawling corpses (Elf:3)
101 creatures vanquished.

Vanquished Creatures (others)
  A golden dragon (Zig:13)
  2 eldritch tentacles
  A corrupter (Zig:25)
  A blizzard demon (Zig:25)
  A spriggan druid (Zig:13)
  A glowing orange brain (Abyss:4)
  A moth of wrath (Zot:4)
  A ynoxinul (Zig:25)
  A fire elemental (Zig:18)
  A human (D:14)
  A swamp drake (Zig:13)
  An ettin simulacrum (Depths:3)
  An adder (D:11)
  242 blocks of ice
  1183 fire vortices
  2 fungi
  A lurking horror (Abyss:4)
  7 plants
  13 starspawn tentacles
  7 tentacles
  12 withered plants (Crypt:3)
1481 creatures vanquished.

Grand Total: 6671 creatures vanquished

Notes
Turn   | Place    | Note
-------+----------+-------------------------------------------
     0 | D:1      | TittyCrusher the Deep Elf Fire Elementalist began the quest
                  | for the Orb.
     0 | D:1      | Reached XP level 1. HP: 10/10 MP: 6/6
   244 | D:1      | Reached XP level 2. HP: 15/15 MP: 7/9
   255 | D:1      | Learned a level 2 spell: Throw Flame
  1097 | D:1      | Reached XP level 3. HP: 19/19 MP: 8/10
  1102 | D:1      | Learned a level 3 spell: Conjure Flame
  1277 | D:2      | Noticed Robin
  1511 | D:2      | Found an ornate altar of the Wu Jian Council.
  1537 | D:2      | Noticed Terence
  1856 | D:2      | Reached XP level 4. HP: 24/24 MP: 10/12
  1862 | D:2      | Learned a level 4 spell: Sticky Flame
  2818 | D:2      | Killed Robin
  2931 | D:3      | Found a glowing drain.
  2941 | Sewer    | Entered a sewer
  2952 | Sewer    | Reached XP level 5. HP: 28/28 MP: 11/13
  2962 | Sewer    | Noticed Purgy
  3091 | Sewer    | Killed Purgy
  3501 | D:3      | Reached XP level 6. HP: 32/32 MP: 10/14
  3726 | D:3      | Found a basalt altar of Yredelemnul.
  3726 | D:3      | Found a faded altar of an unknown god.
  3761 | D:3      | Reached skill level 5 in Spellcasting
  3832 | D:3      | Found a white marble altar of Elyvilon.
  3834 | D:3      | Found a hazy altar of Hepliaklqana.
  3837 | D:3      | Found a glowing golden altar of the Shining One.
  4287 | D:3      | Learned a level 5 spell: Fireball
  5017 | D:4      | Found an iron altar of Okawaru.
  5040 | D:4      | Reached XP level 7. HP: 36/36 MP: 10/19
  5073 | D:4      | Found a snail-covered altar of Cheibriados.
  5186 | D:4      | Found a hide-covered altar of Uskayaw.
  5371 | D:5      | Entered Level 5 of the Dungeon
  5606 | D:5      | Found a staircase to the Ecumenical Temple.
  5616 | Temple   | Entered the Ecumenical Temple
  5659 | Temple   | Became a worshipper of Vehumet
  6143 | D:5      | Reached skill level 5 in Conjurations
  6143 | D:5      | Reached skill level 5 in Fire Magic
  6353 | D:5      | Reached XP level 8. HP: 34/41 MP: 12/22
  6595 | D:5      | Reached * piety under Vehumet
  6595 | D:5      | Offered knowledge of Sandblast by Vehumet.
  6617 | D:5      | Learned a level 2 spell: Blink
  6619 | D:5      | Learned a level 1 spell: Sandblast
  6622 | D:5      | Learned a level 2 spell: Shroud of Golubria
  6777 | D:5      | Found a bloodstained altar of Trog.
  7593 | D:6      | Reached XP level 9. HP: 45/45 MP: 2/23
  7793 | D:7      | Noticed a troll
  7798 | D:7      | Killed a troll
  8050 | D:7      | Reached skill level 1 in Shields
  8081 | D:7      | Reached ** piety under Vehumet
  8081 | D:7      | Offered knowledge of Sting by Vehumet.
  8300 | D:7      | Noticed Menkaure
  8304 | D:7      | Killed Menkaure
  8981 | D:8      | Found a flagged portal.
  9090 | Bailey   | Entered a bailey
  9090 | Bailey   | Noticed an orc knight
  9092 | Bailey   | Reached skill level 1 in Fighting
  9288 | D:8      | Found a runed translucent door.
  9320 | D:8      | Noticed cstieg1's ghost (novice HuCj)
  9398 | D:8      | Found a sparkling altar of Nemelex Xobeh.
  9414 | D:8      | Offered knowledge of Static Discharge by Vehumet.
  9499 | D:8      | Reached *** piety under Vehumet
  9681 | D:8      | Reached XP level 10. HP: 56/56 MP: 14/24
  9946 | D:9      | Got a pair of transparent boots
  9975 | D:9      | Identified the +2 pair of boots "Cosimm" {*Drain +Blink
                  | Dex+2 SInv} (You found it on level 9 of the Dungeon)
 10093 | D:9      | Found a shattered altar of Ashenzari.
 10238 | D:9      | Found a burning altar of Makhleb.
 10273 | D:9      | Offered knowledge of Stone Arrow by Vehumet.
 10280 | D:9      | Learned a level 3 spell: Stone Arrow
 10507 | D:9      | Found a runed translucent door.
 10508 | D:9      | Found a runed translucent door.
 10532 | D:9      | Reached **** piety under Vehumet
 10598 | D:9      | Offered knowledge of Ignite Poison by Vehumet.
 10787 | D:9      | Reached skill level 10 in Conjurations
 10787 | D:9      | Reached skill level 10 in Fire Magic
 10787 | D:9      | Noticed a three-headed hydra
 10972 | D:9      | Killed a three-headed hydra
 11265 | D:9      | Reached skill level 5 in Dodging
 11372 | D:10     | Entered Level 10 of the Dungeon
 11372 | D:10     | Found a staircase to the Lair.
 11485 | D:10     | Found Zeet's Assorted Antiques.
 11499 | D:10     | Bought a thin smoking staff for 228 gold pieces
 11501 | D:10     | Bought a potion of brilliance for 76 gold pieces
 11501 | D:10     | Bought a scroll of identify for 38 gold pieces
 11503 | D:10     | Bought a crooked lead wand for 76 gold pieces
 11578 | D:10     | Noticed a gargoyle
 11581 | D:10     | Killed a gargoyle
 11581 | D:10     | Reached XP level 11. HP: 61/61 MP: 13/25
 11837 | Lair:1   | Entered Level 1 of the Lair of Beasts
 12050 | Lair:1   | Reached skill level 1 in Evocations
 12103 | Lair:1   | Reached skill level 2 in Evocations
 12118 | Lair:1   | Reached skill level 3 in Evocations
 12124 | Lair:1   | Reached skill level 4 in Evocations
 12291 | Lair:1   | Reached skill level 5 in Evocations
 12509 | Lair:1   | Reached skill level 1 in Armour
 12762 | Lair:2   | Found a staircase to the Snake Pit.
 12887 | Lair:2   | Reached skill level 10 in Spellcasting
 13103 | Lair:2   | Noticed Prince Ribbit
 13105 | Lair:2   | Killed Prince Ribbit
 13295 | Lair:2   | Reached ***** piety under Vehumet
 13295 | Lair:2   | Offered knowledge of Bolt of Draining by Vehumet.
 13401 | Lair:2   | Reached XP level 12. HP: 66/66 MP: 17/30
 14055 | Lair:3   | Noticed a death yak
 14056 | Lair:3   | Noticed a death yak
 14056 | Lair:3   | Noticed a death yak
 14093 | Lair:2   | Killed a death yak
 14333 | Lair:3   | Killed a death yak
 14457 | Lair:3   | Found a frozen archway.
 14499 | IceCv    | Entered an ice cave
 14772 | IceCv    | Noticed a death yak
 14796 | IceCv    | Killed a death yak
 15374 | IceCv    | Noticed a death yak
 15374 | IceCv    | Noticed a frost giant
 15377 | IceCv    | Offered knowledge of Spellforged Servitor by Vehumet.
 15378 | IceCv    | Killed a death yak
 15384 | IceCv    | Killed a frost giant
 15384 | IceCv    | Reached XP level 13. HP: 35/70 MP: 4/31
 15582 | IceCv    | Got a slimy leather armour
 15601 | IceCv    | Got a pitted mace
 15624 | IceCv    | Identified the cursed +0 leather armour "Pirph" {Str+3}
                  | (You found it in an ice cave)
 16394 | Lair:4   | Found a staircase to the Shoals.
 16933 | Lair:4   | Identified the +1 cloak of Purpose {rCorr Int+2} (You found
                  | it on level 4 of the Lair of Beasts)
 17139 | Lair:4   | Got a steaming mace
 17140 | Lair:4   | Identified the +5 mace of Responsibility {distort, Dex+2}
                  | (You found it on level 4 of the Lair of Beasts)
 17585 | Lair:5   | Found a runed translucent door.
 17585 | Lair:5   | Found a viscous altar of Jiyva.
 17585 | Lair:5   | Found a staircase to the Slime Pits.
 18350 | Lair:6   | Entered Level 6 of the Lair of Beasts
 18448 | Lair:6   | Found a burning altar of Makhleb.
 18765 | Lair:6   | Identified a scroll of acquirement
 19269 | Lair:6   | Learned a level 4 spell: Passage of Golubria
 19452 | Lair:6   | Reached XP level 14. HP: 64/76 MP: 3/32
 19461 | Lair:6   | Reached skill level 15 in Conjurations
 19461 | Lair:6   | Reached skill level 15 in Fire Magic
 20265 | D:11     | Found a staircase to the Orcish Mines.
 20684 | D:11     | Cast into level 3 of the Abyss (a distortion unwield)
 20691 | Abyss:3  | Found a corrupted altar of Lugonu.
 20748 | Abyss:3  | Noticed a starcursed mass
 21036 | Abyss:3  | Found a corrupted altar of Lugonu.
 21055 | D:11     | Escaped the Abyss
 21094 | Orc:1    | Entered Level 1 of the Orcish Mines
 21104 | Orc:1    | Noticed Snorg
 21108 | Orc:1    | Killed Snorg
 21274 | Orc:1    | Found Nufacij's Jewellery Emporium.
 21289 | Orc:1    | Bought a +5 ring of intelligence for 535 gold pieces
 21298 | Orc:1    | Learned a level 4 spell: Iskenderun's Mystic Blast
 21376 | Orc:2    | Entered Level 2 of the Orcish Mines
 21471 | Orc:2    | Found a staircase to the Elven Halls.
 22097 | Orc:1    | Found a roughly hewn altar of Beogh.
 22478 | Orc:2    | Offered knowledge of Lightning Bolt by Vehumet.
 22901 | Orc:2    | Learned a level 5 spell: Lightning Bolt
 22931 | Orc:2    | Found Pias's General Store.
 22931 | Orc:2    | Found Kaiwkud's Armour Emporium.
 22974 | Orc:2    | Reached skill level 5 in Fighting
 23126 | Orc:2    | Found Furghis's General Store.
 23126 | Orc:2    | Found Cupnoar's Weapon Boutique.
 23205 | Orc:2    | Found a runed translucent gate.
 23205 | Orc:2    | Found a runed translucent gate.
 23205 | Orc:2    | Found a runed translucent gate.
 23206 | Orc:2    | Noticed tkbsonic5's ghost (journeyman GrCK)
 23534 | Orc:1    | Bought the amulet "Wekenuim" {Faith MP+9} for 856 gold
                  | pieces
 23738 | D:12     | Identified the +0 mace of Reason {freeze, rF+ SInv} (You
                  | found it in an ice cave)
 24185 | D:13     | Noticed Urug
 24464 | D:13     | Offered knowledge of Bolt of Magma by Vehumet.
 24740 | Lair:3   | Learned a level 5 spell: Bolt of Magma
 24885 | D:13     | Killed Urug
 24930 | D:13     | Noticed a vampire knight
 24934 | D:13     | Killed a vampire knight
 25110 | D:13     | Noticed a vampire knight
 25115 | D:13     | Killed a vampire knight
 25115 | D:13     | Reached XP level 15. HP: 47/85 MP: 6/33
 25432 | D:13     | Found a gate to the Vaults.
 25680 | D:13     | Found the +12 Vampire's Tooth {vamp}
 25920 | D:14     | Noticed Frances
 26067 | D:14     | You fall into a shaft and drop 1 floor!
 26067 | D:15     | Entered Level 15 of the Dungeon
 26298 | D:14     | Got an ancient platinum ring
 26340 | D:13     | Identified the ring "Toycy" {Wiz rF+ Int+3 Dex-5} (You
                  | found it on level 14 of the Dungeon)
 26383 | D:14     | Reached skill level 10 in Dodging
 26538 | D:14     | Gained mutation: Scrolls take you a little longer to read.
                  | [a neqoxec]
 26549 | D:14     | Killed Frances
 26588 | D:14     | Noticed Kirke
 26710 | D:14     | Killed Kirke
 27267 | D:8      | Killed cstieg1's ghost
 27277 | D:8      | Found the +8 demon blade "Leech" {vamp, rN+ AC-3 EV-3}
 27443 | D:15     | Found Xuhosops's Antique Armour Shop.
 27512 | D:15     | Found a transporter.
 27512 | D:15     | Noticed Gosau's ghost (journeyman DsGl)
 27520 | D:15     | Noticed a storm dragon
 27543 | D:15     | Found a transporter.
 27899 | D:15     | Found a staircase to the Depths.
 28405 | D:15     | Killed a storm dragon
 28466 | D:15     | Lost mutation: Scrolls take you a little longer to read.
                  | [potion of mutation]
 28466 | D:15     | Gained mutation: You are agile. (Dex +2) [potion of
                  | mutation]
 28466 | D:15     | Gained mutation: You have an increased reservoir of magic.
                  | (+10% MP) [potion of mutation]
 28466 | D:15     | Gained mutation: Your mind is acute. (Int +2) [potion of
                  | mutation]
 28691 | D:15     | Killed Gosau's ghost
 28908 | D:15     | Got a glittering iron ring
 28921 | D:15     | Got a scintillating platinum amulet
 28958 | D:14     | Identified the ring "Meoxou" {+Inv rPois} (You found it on
                  | level 15 of the Dungeon)
 28959 | D:14     | Identified the amulet "Ivitaf" {Faith Dex+4} (You found it
                  | on level 15 of the Dungeon)
 29145 | Orc:2    | Bought a potion of invisibility for 128 gold pieces
 29145 | Orc:2    | Bought a ration for 80 gold pieces
 29282 | Shoals:1 | Entered Level 1 of the Shoals
 29446 | Shoals:1 | Noticed Louise
 29456 | Shoals:1 | Reached skill level 5 in Armour
 29480 | Shoals:1 | Killed Louise
 29763 | Shoals:1 | Offered knowledge of Iron Shot by Vehumet.
 30216 | Shoals:2 | Reached ****** piety under Vehumet
 30396 | Lair:4   | Learned a level 6 spell: Iron Shot
 30463 | Shoals:2 | Noticed Ilsuiw
 30468 | Shoals:2 | Killed Ilsuiw
 30468 | Shoals:2 | Reached XP level 16. HP: 90/90 MP: 26/39
 30916 | Shoals:2 | Offered knowledge of Ozocubu's Refrigeration by Vehumet.
 31991 | Shoals:3 | Identified the +8 great mace of Wrongful Imprisonment
                  | {crush, rN++ Stlth+}
 32546 | Lair:3   | Learned a level 6 spell: Ozocubu's Refrigeration
 32625 | Shoals:4 | Entered Level 4 of the Shoals
 32723 | Shoals:4 | Reached skill level 1 in Ice Magic
 32911 | Shoals:4 | Offered knowledge of Bolt of Fire by Vehumet.
 33102 | Shoals:4 | Reached skill level 5 in Ice Magic
 33542 | Shoals:4 | Reached XP level 17. HP: 95/95 MP: 24/40
 33966 | Shoals:4 | Identified the cursed +1 whip of Nohihiq {slash, rPois rC+
                  | MR++ Str-5} (You found it on level 4 of the Shoals)
 34351 | Shoals:4 | Got a barnacled rune of Zot
 34684 | Snake:1  | Entered Level 1 of the Snake Pit
 35439 | Snake:1  | Offered knowledge of Lehudib's Crystal Spear by Vehumet.
 35439 | Snake:1  | Offered knowledge of Fire Storm by Vehumet.
 35439 | Snake:1  | Offered knowledge of Ignition by Vehumet.
 36131 | Snake:2  | Reached skill level 15 in Spellcasting
 36484 | Snake:2  | Learned a level 9 spell: Fire Storm
 37113 | Snake:2  | Found Kumumegh's Antique Weapon Emporium.
 37127 | Snake:2  | Found Doafraon's Food Shoppe.
 38202 | Snake:4  | Entered Level 4 of the Snake Pit
 38262 | Snake:4  | Reached XP level 18. HP: 100/100 MP: 5/44
 38880 | Snake:4  | Found a sparkling altar of Nemelex Xobeh.
 39803 | Snake:4  | Got a serpentine rune of Zot
 39970 | Snake:2  | Learned a level 8 spell: Ignition
 40127 | D:15     | Bought a runed robe for 114 gold pieces
 40378 | Orc:1    | Bought an uncursed amulet of regeneration for 390 gold
                  | pieces
 40423 | Elf:1    | Entered Level 1 of the Elven Halls
 40745 | Elf:1    | Reached XP level 19. HP: 104/104 MP: 18/45
 40782 | Elf:1    | Identified the Guide on Creative Combat Magic
 40822 | Elf:1    | Learned a level 1 spell: Summon Butterflies
 40824 | Elf:1    | Reached skill level 1 in Summonings
 41448 | Elf:2    | Found a ruined gateway.
 41523 | Desolati | Entered the Desolation of Salt
 41598 | Desolati | Identified the +7 whip "Ejacury" {drain, rN++ Int+2}
 41881 | Desolati | Got a pair of dazzling gloves
 41902 | Desolati | Got a vibrating pewter amulet
 41927 | Desolati | Identified the +1 pair of gloves of Liberalism {Str+4} (You
                  | found it in the Desolation of Salt)
 42250 | Desolati | Got a clouded wooden ring
 42325 | Desolati | Identified Izxih's Grimoire of Feathery Poisoning
 42571 | Elf:2    | Identified the ring "Humoedoa" {rN+ Int+2 Dex+3 SInv} (You
                  | took it off an imperial myrmidon in the Desolation of Salt)
 42576 | Elf:2    | Noticed SlowGraham's ghost (veteran FoEE)
 42790 | Shoals:3 | Identified the amulet "Fewkuurr" {+Rage rPois MR++ SInv}
                  | (You found it in the Desolation of Salt)
 43492 | Elf:2    | Found a large runed translucent door.
 43493 | Elf:2    | Found a large runed translucent door.
 43742 | Elf:2    | Found a huge runed translucent gate.
 43742 | Elf:2    | Found a huge runed translucent gate.
 43742 | Elf:2    | Found a huge runed translucent gate.
 43742 | Elf:2    | Found a huge runed translucent gate.
 43746 | Elf:2    | Found a huge runed translucent gate.
 43834 | Elf:3    | Entered Level 3 of the Elven Halls
 43850 | Elf:3    | Noticed rjrrt's ghost (adept DEFE)
 43858 | Elf:3    | Found a runed translucent gate.
 43858 | Elf:3    | Found a runed translucent gate.
 43858 | Elf:3    | Found a runed translucent gate.
 43989 | Elf:3    | Found Asinit's Weapon Emporium.
 44020 | Elf:3    | Identified the +5 scale mail "Awentuupp" {rPois} (You found
                  | it on level 3 of the Elven Halls)
 44188 | Elf:3    | Killed rjrrt's ghost
 44211 | Elf:3    | Identified the amulet of Doors {Acrobat rElec rC+ MR+
                  | Dex-5} (You found it on level 3 of the Elven Halls)
 44317 | Elf:3    | Reached XP level 20. HP: 89/109 MP: 33/50
 44380 | Elf:3    | Identified the +6 rapier of Megalomania {freeze, Str+4
                  | Int+2}
 44530 | Elf:3    | Found the +6 Majin-Bo {vamp, Archmagi MP+6 Int+6}
 44604 | Elf:3    | Found the +3 Elemental Staff {rElec rF++ rC++ MR++ AC+5}
 44611 | Elf:3    | Identified the Collected Works on Dusty Flight
 44640 | Elf:3    | Identified the Volume of Clay and Cold
 44648 | Elf:3    | Identified the cursed +0 helmet "Lethul" {rElec Dex+4} (You
                  | found it on level 3 of the Elven Halls)
 44677 | Elf:3    | Identified the cursed ring "Sig Ukhlu" {Str+8 Int-3} (You
                  | found it on level 3 of the Elven Halls)
 44714 | Elf:3    | Got a pair of transparent gloves
 44725 | Elf:3    | Identified the +0 pair of gloves of Joy {rC+} (You found it
                  | on level 3 of the Elven Halls)
 44738 | Elf:3    | Got a brightly glowing silver ring
 44740 | Elf:3    | Identified the ring "Jofeo" {rPois MP+9 Int+3} (You found
                  | it on level 3 of the Elven Halls)
 44744 | Elf:3    | Got a transparent turquoise ring
 44746 | Elf:3    | Identified the ring of Irrepressible Laughter {*Slow rPois
                  | MR+ Str+4} (You found it on level 3 of the Elven Halls)
 45361 | Vaults:1 | Entered Level 1 of the Vaults
 45366 | Vaults:1 | Reached skill level 5 in Stealth
 45483 | Vaults:1 | Reached skill level 10 in Stealth
 46370 | Vaults:2 | Reached skill level 15 in Stealth
 46979 | Vaults:2 | Reached XP level 21. HP: 114/114 MP: 46/52
 47091 | Vaults:2 | Reached skill level 10 in Armour
 47625 | Vaults:2 | Learned a level 9 spell: Shatter
 48366 | Vaults:3 | Found a staircase to the Crypt.
 48929 | Vaults:4 | Learned a level 1 spell: Apportation
 50232 | Vaults:5 | Entered Level 5 of the Vaults
 50245 | Vaults:5 | Reached XP level 22. HP: 97/120 MP: 53/53
 50301 | Vaults:5 | Identified the ring "Cuxupat" {rPois Dex+5}
 50417 | Vaults:5 | Noticed a golden dragon
 50424 | Vaults:5 | Killed a golden dragon
 51081 | Vaults:5 | Reached skill level 1 in Earth Magic
 51248 | Vaults:5 | Noticed an ancient lich
 51255 | Vaults:5 | Killed an ancient lich
 51265 | Vaults:5 | Noticed a golden dragon
 51268 | Vaults:5 | Killed a golden dragon
 51268 | Vaults:5 | Reached skill level 5 in Earth Magic
 51280 | Vaults:5 | Identified the ring of Gedohip {+Fly rElec rPois MR+ Str+2}
 51302 | Vaults:5 | Identified the ring "Rabesaha" {AC+5 Dex+2}
 51367 | Vaults:5 | Got a silver rune of Zot
 51430 | Vaults:5 | Noticed a golden dragon
 51438 | Vaults:5 | Killed a golden dragon
 51704 | Vaults:5 | Reached XP level 23. HP: 125/125 MP: 54/54
 52270 | Slime:1  | Entered Level 1 of the Pits of Slime
 52273 | Slime:1  | Reached skill level 10 in Earth Magic
 52381 | Slime:3  | Lost mutation: You are agile. (Dex +2) [a shining eye]
 52387 | Slime:3  | Gained mutation: You occasionally shout uncontrollably at
                  | your foes. [a shining eye]
 52466 | Slime:5  | Entered Level 5 of the Pits of Slime
 52521 | Slime:5  | Noticed the Royal Jelly
 52526 | Slime:5  | Killed the Royal Jelly
 52575 | Slime:5  | Found the ring of Phasing {EV+8}
 52597 | Slime:5  | Got a slimy rune of Zot
 52606 | Slime:5  | Reached XP level 24. HP: 130/130 MP: 53/54
 52974 | Crypt:1  | Entered Level 1 of the Crypt
 52994 | Crypt:1  | Reached skill level 15 in Earth Magic
 53100 | Crypt:1  | Learned a level 8 spell: Lehudib's Crystal Spear
 53105 | Crypt:1  | Learned a level 3 spell: Regeneration
 53200 | Crypt:1  | Reached skill level 1 in Charms
 53200 | Crypt:1  | Reached skill level 1 in Necromancy
 53736 | Crypt:2  | Noticed Donald
 53738 | Crypt:2  | Reached skill level 5 in Necromancy
 53739 | Crypt:2  | Killed Donald
 53855 | Crypt:2  | Learned a level 8 spell: Controlled Blink
 54125 | Crypt:2  | Noticed a greater mummy
 54130 | Crypt:2  | Killed a greater mummy
 54732 | Crypt:3  | Entered Level 3 of the Crypt
 54795 | Crypt:3  | Learned a level 2 spell: Swiftness
 55073 | Crypt:3  | Reached XP level 25. HP: 135/135 MP: 54/54
 55091 | Crypt:3  | Found a basalt altar of Yredelemnul.
 55287 | Crypt:3  | Identified the ring of Tocwer Zoibb {+Fly rElec MP+9 Str+5
                  | Int-5}
 55317 | Crypt:3  | Found the +7 sceptre of Torment {pain, torment}
 55330 | Crypt:3  | Identified Bualaq's Disquisition on Virous Summoning
 56035 | Crypt:3  | Found a staircase to the Tomb.
 56530 | Crypt:3  | Identified the +1 flail "Gyruf" {venom, *Rage rElec rF+}
                  | (You found it on level 3 of the Crypt)
 56993 | Elf:3    | Learned a level 9 spell: Glaciate
 57221 | Depths:1 | Entered Level 1 of the Depths
 57301 | Depths:1 | Found a gateway to Hell.
 57324 | Depths:1 | Noticed Nikola
 57332 | Depths:1 | Killed Nikola
 57508 | Depths:1 | Noticed Viocziel's ghost (adept TrMo)
 57510 | Depths:1 | Found a runed translucent gate.
 57512 | Depths:1 | Found a runed translucent gate.
 57513 | Depths:1 | Found a runed translucent gate.
 57563 | Depths:1 | Reached skill level 10 in Ice Magic
 57788 | Depths:1 | Found a runed translucent door.
 58028 | Depths:1 | Killed Viocziel's ghost
 58098 | Depths:1 | Identified Joina's Tome of Cloudy Ice
 58106 | Depths:1 | Identified the cursed +1 scale mail of the Republic {rPois
                  | rF+ Str+2} (You found it on level 1 of the Depths)
 58660 | Depths:2 | Identified the +0 buckler of Ethics {rElec rC+ Dex+5} (You
                  | found it on level 2 of the Depths)
 58859 | Depths:2 | Found a gateway to a ziggurat.
 59018 | Depths:3 | Reached XP level 26. HP: 140/140 MP: 54/54
 59258 | Depths:3 | Found a blossoming altar of Fedhas.
 59279 | Depths:3 | Reached skill level 15 in Ice Magic
 59350 | Depths:3 | Identified the +3 flail "Ogreslayer" {crush, rElec rPois
                  | Dex-2}
 59573 | Depths:3 | Found a glowing golden altar of the Shining One.
 59684 | Depths:3 | Found an ornate altar of the Wu Jian Council.
 59765 | Depths:3 | Found a stormy altar of Qazlal.
 59765 | Depths:3 | Found a one-way gate leading to the halls of Pandemonium.
 59840 | Depths:3 | Identified the +3 ring mail of Unreason {SInv} (You found
                  | it on level 3 of the Depths)
 59929 | Depths:3 | Identified the Handbook of Good Luck and Earth
 60095 | Depths:3 | Reached skill level 1 in Translocations
 60290 | Depths:4 | Found a one-way gate to the infinite horrors of the Abyss.
 60466 | Depths:4 | Reached skill level 5 in Translocations
 60552 | Depths:4 | Identified the +0 leather armour of Deschut {+Fly rF+ rC++}
                  | (You found it on level 4 of the Depths)
 60701 | Depths:4 | Found an ancient bone altar of Kikubaaqudgha.
 60870 | Depths:4 | Noticed an ancient lich
 60897 | Depths:4 | Killed an ancient lich
 60935 | Depths:4 | Reached skill level 10 in Translocations
 61245 | Depths:4 | Found Taceno's Food Shop.
 61364 | Depths:5 | Entered Level 5 of the Depths
 61408 | Depths:5 | Reached XP level 27. HP: 144/144 MP: 33/54
 61815 | Depths:5 | Noticed Frederick
 61819 | Depths:5 | Killed Frederick
 61979 | Depths:5 | Reached skill level 15 in Dodging
 62157 | Depths:5 | Found a gate to the Realm of Zot.
 63934 | Depths:2 | Learned a level 6 spell: Statue Form
 63946 | Depths:2 | Learned a level 9 spell: Tornado
 63958 | Zig:1    | Entered Level 1 of a ziggurat
 63973 | Zig:2    | Entered Level 2 of a ziggurat
 64037 | Zig:3    | Entered Level 3 of a ziggurat
 64062 | Zig:4    | Entered Level 4 of a ziggurat
 64095 | Zig:5    | Entered Level 5 of a ziggurat
 64100 | Zig:5    | Noticed Nyepp the pandemonium lord
 64102 | Zig:5    | Killed Nyepp the pandemonium lord
 64119 | Zig:6    | Entered Level 6 of a ziggurat
 64152 | Zig:6    | Identified the Guide on Congealing Protection
 64231 | Zig:7    | Entered Level 7 of a ziggurat
 64239 | Zig:7    | Noticed a juggernaut
 64240 | Zig:7    | Killed a juggernaut
 64265 | Zig:7    | Identified the +0 pair of boots of the King {+Blink Dex+4}
                  | (You found it on level 7 of a ziggurat)
 64274 | Zig:7    | Identified the cursed +0 pair of gloves of Satisfaction
                  | {Str+2 Dex+5 Slay-4} (You found it on level 7 of a
                  | ziggurat)
 64295 | Zig:8    | Entered Level 8 of a ziggurat
 64320 | Zig:8    | Got an ancient bone ring
 64335 | Zig:9    | Entered Level 9 of a ziggurat
 64372 | Zig:9    | Identified the Collected Works on Sinister Arts and Glamour
 64413 | Zig:10   | Entered Level 10 of a ziggurat
 64430 | Zig:10   | Found the +3 giant club "Skullcrusher" {speed, Str+7}
 64431 | Zig:10   | Found the +9 heavy crossbow "Sniper" {velocity, Acc+∞ SInv}
 64443 | Zig:10   | Identified the +1 ring mail "Diclisk" {*Drain Str+5} (You
                  | found it on level 10 of a ziggurat)
 64460 | Zig:10   | Identified the +1 fire dragon scales of Xontal {rF++ rC-
                  | MR++ Str-4 Int+4} (You found it on level 10 of a ziggurat)
 64464 | Zig:11   | Entered Level 11 of a ziggurat
 64476 | Zig:11   | Reached skill level 1 in Air Magic
 64511 | Zig:11   | Reached skill level 5 in Transmutations
 64520 | Zig:12   | Entered Level 12 of a ziggurat
 64532 | Zig:12   | Reached skill level 5 in Air Magic
 64553 | Zig:12   | Identified the ring "Vuhur" {rF+ Str+5 Stlth-} (You found
                  | it on level 8 of a ziggurat)
 64601 | Zig:13   | Entered Level 13 of a ziggurat
 64644 | Zig:13   | Identified the cursed +0 plate armour of Brilliance {rC+
                  | SInv} (You found it on level 13 of a ziggurat)
 64700 | Zig:14   | Entered Level 14 of a ziggurat
 64715 | Zig:14   | Noticed an ancient lich
 64718 | Zig:14   | Killed an ancient lich
 64761 | Zig:14   | Identified the Tome of the Hierophant
 64820 | Zig:15   | Entered Level 15 of a ziggurat
 64892 | Zig:15   | Identified the Almanac of Lethal Calling
 64939 | Zig:16   | Entered Level 16 of a ziggurat
 64955 | Zig:16   | Noticed Qufiuno Puso the pandemonium lord
 64955 | Zig:16   | Noticed Dowkall the pandemonium lord
 64968 | Zig:16   | Killed Voruyhia the pandemonium lord
 64968 | Zig:16   | Killed Dowkall the pandemonium lord
 64968 | Zig:16   | Noticed Ukyoffan the pandemonium lord
 64970 | Zig:16   | Noticed Vokh the pandemonium lord
 64973 | Zig:16   | Killed Ukyoffan the pandemonium lord
 64976 | Zig:16   | Noticed Eryomumo the pandemonium lord
 64977 | Zig:16   | Killed Eryomumo the pandemonium lord
 64981 | Zig:16   | Killed Qufiuno Puso the pandemonium lord
 64984 | Zig:16   | Killed Vokh the pandemonium lord
 65019 | Zig:16   | Found the +11 plutonium sword {*Contam Stlth-}
 65072 | Zig:16   | Learned a level 8 spell: Necromutation
 65189 | Zig:17   | Entered Level 17 of a ziggurat
 65206 | Zig:17   | Noticed an ancient lich
 65208 | Zig:17   | Killed an ancient lich
 65228 | Zig:17   | Identified the +2 pair of boots "Wueloky" {+Blink Regen+}
                  | (You found it on level 17 of a ziggurat)
 65244 | Zig:17   | Identified the Volume of Transmutation and Bewitchment
 65312 | Zig:18   | Entered Level 18 of a ziggurat
 65331 | Zig:18   | Reached skill level 10 in Necromancy
 65338 | Zig:18   | Reached skill level 10 in Transmutations
 65370 | Zig:18   | Identified the cursed ring "Dair" {rElec rF+ EV-3 Str+8
                  | Dex-4} (You found it on level 18 of a ziggurat)
 65382 | Zig:18   | Found the ring of the Mage {Wiz MR++ Int+3}
 65396 | Zig:18   | Identified the amulet of Erhucrum {Harm *Drain Int+4 Dex+2}
                  | (You found it on level 18 of a ziggurat)
 65404 | Zig:18   | Identified the ring "Enioz" {+Blink +Fly} (You found it on
                  | level 18 of a ziggurat)
 65450 | Zig:19   | Entered Level 19 of a ziggurat
 65461 | Zig:19   | Noticed a juggernaut
 65467 | Zig:19   | Killed a juggernaut
 65470 | Zig:19   | Noticed a juggernaut
 65472 | Zig:19   | Noticed a juggernaut
 65475 | Zig:19   | Killed a juggernaut
 65477 | Zig:19   | Killed a juggernaut
 65482 | Zig:19   | Noticed a juggernaut
 65483 | Zig:19   | Killed a juggernaut
 65495 | Zig:19   | Noticed a juggernaut
 65498 | Zig:19   | Killed a juggernaut
 65566 | Zig:19   | Found the +8 whip "Snakebite" {curare, rPois}
 65600 | Zig:19   | Found the amulet of the Air {Inacc +Fly rElec EV+5 RMsl}
 65606 | Zig:19   | Identified the amulet of Mistrust {Spirit rF+ rC+} (You
                  | found it on level 19 of a ziggurat)
 65619 | Zig:19   | Identified the Grimoire of the Destructive Entourage
 65691 | Zig:20   | Entered Level 20 of a ziggurat
 65734 | Zig:20   | Found the +0 mask of the Dragon {MR+ Slay+3 SInv}
 65778 | Zig:20   | Got a faintly glowing steel ring
 65804 | Zig:20   | Identified the ring of Foolhardiness {AC+5 Str+3 Int+4
                  | Dex+2} (You found it on level 20 of a ziggurat)
 65807 | Zig:20   | Got a twitching golden amulet
 65882 | Zig:21   | Entered Level 21 of a ziggurat
 65903 | Zig:21   | Noticed an ancient lich
 65903 | Zig:21   | Noticed an ancient lich
 65905 | Zig:21   | Reached skill level 6 in Evocations
 65906 | Zig:21   | Killed an ancient lich
 65906 | Zig:21   | Reached skill level 7 in Evocations
 65906 | Zig:21   | Reached skill level 8 in Evocations
 65907 | Zig:21   | Reached skill level 9 in Evocations
 65907 | Zig:21   | Killed an ancient lich
 65907 | Zig:21   | Reached skill level 10 in Evocations
 65907 | Zig:21   | Reached skill level 11 in Evocations
 65907 | Zig:21   | Killed an ancient lich
 65910 | Zig:21   | Reached skill level 12 in Evocations
 65919 | Zig:21   | Noticed an ancient lich
 65921 | Zig:21   | Killed an ancient lich
 65976 | Zig:21   | Got a transparent hand crossbow
 65977 | Zig:21   | Identified the +10 hand crossbow "Beank" {velocity, Stlth+}
                  | (You found it on level 21 of a ziggurat)
 66016 | Zig:21   | Identified the amulet of Wu Jian's Displeasure {Harm
                  | *Corrode *Drain +Fly Dex+7 SInv} (You found it on level 20
                  | of a ziggurat)
 66018 | Zig:21   | Got a fine leather armour
 66024 | Zig:21   | Identified the +1 leather armour of the Blacksmith
                  | {*Corrode MR+ Str+4 Slay+2} (You found it on level 21 of a
                  | ziggurat)
 66063 | Zig:21   | Got a twisted helmet
 66074 | Zig:21   | Identified the +0 helmet of Pylizo Jefa {rElec MR- Int+7}
                  | (You found it on level 21 of a ziggurat)
 66090 | Zig:21   | Got a faintly glowing turquoise ring
 66094 | Zig:21   | Identified the ring "Kuyng" {AC+4 Str+3 Int+3 Dex+2} (You
                  | found it on level 21 of a ziggurat)
 66129 | Zig:22   | Entered Level 22 of a ziggurat
 66165 | Zig:22   | Noticed an ancient lich
 66165 | Zig:22   | Noticed an ancient lich
 66166 | Zig:22   | Killed an ancient lich
 66169 | Zig:22   | Killed an ancient lich
 66171 | Zig:22   | Reached skill level 15 in Translocations
 66222 | Zig:22   | Identified the Disquisition on Shape Shifting and Air
 66251 | Zig:22   | Got a heavily runed marble ring
 66253 | Zig:22   | Identified the ring "Wolalaif" {Dex+3 SInv} (You found it
                  | on level 22 of a ziggurat)
 66268 | Zig:23   | Entered Level 23 of a ziggurat
 66279 | Zig:23   | Noticed a juggernaut
 66282 | Zig:23   | Killed a juggernaut
 66282 | Zig:23   | Noticed a juggernaut
 66282 | Zig:23   | Noticed a juggernaut
 66284 | Zig:23   | Killed a juggernaut
 66284 | Zig:23   | Noticed a juggernaut
 66286 | Zig:23   | Reached skill level 10 in Air Magic
 66286 | Zig:23   | Killed a juggernaut
 66286 | Zig:23   | Noticed a juggernaut
 66287 | Zig:23   | Killed a juggernaut
 66287 | Zig:23   | Noticed a juggernaut
 66287 | Zig:23   | Noticed a juggernaut
 66288 | Zig:23   | Killed a juggernaut
 66288 | Zig:23   | Noticed a juggernaut
 66289 | Zig:23   | Killed a juggernaut
 66289 | Zig:23   | Killed a juggernaut
 66289 | Zig:23   | Killed a juggernaut
 66290 | Zig:23   | Killed a juggernaut
 66291 | Zig:23   | Noticed a juggernaut
 66292 | Zig:23   | Killed a juggernaut
 66296 | Zig:23   | Noticed a juggernaut
 66298 | Zig:23   | Killed a juggernaut
 66313 | Zig:23   | Found the +0 Maxwell's etheric cage {RegenMP+ *Contam rElec
                  | MP+4}
 66315 | Zig:23   | Found the +5 demon whip "Spellbinder" {antimagic, MR+}
 66341 | Zig:23   | Got a faintly glowing lapis lazuli ring
 66343 | Zig:23   | Identified the ring "Jokyh" {Str+4 SInv} (You found it on
                  | level 23 of a ziggurat)
 66348 | Zig:23   | Got a heavily runed brass ring
 66349 | Zig:23   | Identified the ring "Julecaehi" {rCorr Dex+7 SInv} (You
                  | found it on level 23 of a ziggurat)
 66393 | Zig:23   | Got an ichor-stained ring mail
 66399 | Zig:23   | Identified the +5 ring mail "Wevveuh" {rF+ Dex+3} (You
                  | found it on level 23 of a ziggurat)
 66454 | Zig:24   | Entered Level 24 of a ziggurat
 66475 | Zig:24   | Reached skill level 15 in Air Magic
 66475 | Zig:24   | Noticed an ancient lich
 66478 | Zig:24   | Killed an ancient lich
 66480 | Zig:24   | Noticed an ancient lich
 66481 | Zig:24   | Killed an ancient lich
 66482 | Zig:24   | Killed an ancient lich
 66483 | Zig:24   | Killed an ancient lich
 66486 | Zig:24   | Killed an ancient lich
 66511 | Zig:24   | Found the +6 shillelagh "Devastator" {shatter}
 66539 | Zig:24   | Got a transparent ivory ring
 66541 | Zig:24   | Identified the ring of Xom's Fair Game {rF+ rC+ MR+} (You
                  | found it on level 24 of a ziggurat)
 66577 | Zig:24   | Got a transparent large shield
 66583 | Zig:24   | Identified the cursed +0 large shield of Shadows and Fog
                  | {+Inv rF+} (You found it on level 24 of a ziggurat)
 66598 | Zig:24   | Lost mutation: Your mind is acute. (Int +2) [potion of
                  | mutation]
 66598 | Zig:24   | Lost mutation: You occasionally shout uncontrollably at
                  | your foes. [potion of mutation]
 66598 | Zig:24   | Gained mutation: You expend magic power (3 MP) to
                  | strengthen your wands. [potion of mutation]
 66598 | Zig:24   | Gained mutation: You have a pair of small antennae on your
                  | head. [potion of mutation]
 66599 | Zig:24   | Lost mutation: You have a pair of small antennae on your
                  | head. [potion of mutation]
 66599 | Zig:24   | Lost mutation: You expend magic power (3 MP) to strengthen
                  | your wands. [potion of mutation]
 66599 | Zig:24   | Lost mutation: You have an increased reservoir of magic.
                  | (+10% MP) [potion of mutation]
 66599 | Zig:24   | Gained mutation: You are resistant to hostile enchantments.
                  | (MR+) [potion of mutation]
 66599 | Zig:24   | Gained mutation: You are frail. (-10% HP) [potion of
                  | mutation]
 66599 | Zig:24   | Gained mutation: You expend magic power (3 MP) to
                  | strengthen your wands. [potion of mutation]
 66648 | Zig:25   | Entered Level 25 of a ziggurat
 66684 | Zig:25   | Noticed Ucealu the pandemonium lord
 66686 | Zig:25   | Killed Ucealu the pandemonium lord
 66690 | Zig:25   | Reached skill level 10 in Fighting
 66738 | Zig:25   | Found the ring of Shadows {Umbra +Inv Stlth+}
 66746 | Zig:25   | Identified The Arcane Secrets of Theurgy
 66757 | Zig:25   | Got a scorched leather armour
 66768 | Zig:25   | Identified the +4 leather armour "Miangaff" {Regen+} (You
                  | found it on level 25 of a ziggurat)
 66794 | Zig:25   | Got a dazzling scale mail
 66800 | Zig:25   | Identified the cursed +1 scale mail "Rameyxze" {rF++} (You
                  | found it on level 25 of a ziggurat)
 66812 | Zig:25   | Got a warped amber ring
 66814 | Zig:25   | Identified the ring of Qoysum {rF- rC+ rN+ Str+4 Stlth+}
                  | (You found it on level 25 of a ziggurat)
 66909 | Zig:26   | Entered Level 26 of a ziggurat
 66980 | Zig:26   | Identified Otrak's Volume of Dusty Snow
 67014 | Zig:26   | Identified the Catalogue of Mutagenic Augmentations
 67035 | Zig:26   | Got a translucent wooden ring
 67038 | Zig:26   | Identified the ring of Qopsisun {rPois rC+ Str+4} (You
                  | found it on level 26 of a ziggurat)
 67094 | Zig:27   | Entered Level 27 of a ziggurat
 67111 | Zig:27   | Reached skill level 1 in Staves
 67120 | Zig:27   | Noticed an ancient lich
 67120 | Zig:27   | Reached skill level 5 in Staves
 67121 | Zig:27   | Killed an ancient lich
 67125 | Zig:27   | Killed an ancient lich
 67129 | Zig:27   | Reached skill level 10 in Staves
 67131 | Zig:27   | Noticed an ancient lich
 67132 | Zig:27   | Killed an ancient lich
 67153 | Zig:27   | Identified the Incunabulum of Poison and the Compass
 67172 | Zig:27   | Identified the +1 cloak of the Game Afoot {*Corrode rElec
                  | rF+ Str+6} (You found it on level 27 of a ziggurat)
 67358 | Zot:1    | Entered Level 1 of the Realm of Zot
 67376 | Zot:1    | Reached skill level 15 in Fighting
 69004 | Zot:2    | Noticed an orb of fire
 69009 | Zot:2    | Killed an orb of fire
 69314 | Zot:3    | Reached skill level 13 in Evocations
 69587 | Zot:3    | Reached skill level 14 in Evocations
 69944 | Zot:4    | Reached skill level 15 in Evocations
 70304 | Zot:4    | Reached skill level 16 in Evocations
 70593 | Zot:5    | Entered Level 5 of the Realm of Zot
 70635 | Zot:5    | Reached skill level 17 in Evocations
 70890 | Zot:5    | Reached skill level 18 in Evocations
 71123 | Zot:5    | Noticed an ancient lich
 71125 | Zot:5    | Killed an ancient lich
 71212 | Zot:5    | Noticed an orb of fire
 71256 | Zot:5    | Killed an orb of fire
 71266 | Zot:5    | Noticed an orb of fire
 71271 | Zot:5    | Killed an orb of fire
 71297 | Zot:5    | Noticed an orb of fire
 71306 | Zot:5    | Gained mutation: You are weak. (Str -2) [an orb of fire]
 71309 | Zot:5    | Killed an orb of fire
 71316 | Zot:5    | Noticed an orb of fire
 71319 | Zot:5    | Gained mutation: You tend to lose your temper in combat.
                  | [an orb of fire]
 71323 | Zot:5    | Killed an orb of fire
 71799 | Depths:5 | Voluntarily entered the Abyss.
 71865 | Depths:5 | Escaped the Abyss
 71867 | Depths:5 | Lost mutation: You expend magic power (3 MP) to strengthen
                  | your wands. [potion of mutation]
 71867 | Depths:5 | Lost mutation: You are frail. (-10% HP) [potion of
                  | mutation]
 71867 | Depths:5 | Lost mutation: You are weak. (Str -2) [potion of mutation]
 71867 | Depths:5 | Gained mutation: Your spells are a little easier to cast,
                  | but a little less powerful. [potion of mutation]
 71867 | Depths:5 | Lost mutation: You tend to lose your temper in combat.
                  | [potion of mutation]
 71869 | Depths:5 | Lost mutation: Your spells are a little easier to cast, but
                  | a little less powerful. [potion of mutation]
 71869 | Depths:5 | Lost mutation: You are resistant to hostile enchantments.
                  | (MR+) [potion of mutation]
 71869 | Depths:5 | Gained mutation: Your body sometimes deteriorates upon
                  | taking damage. [potion of mutation]
 71869 | Depths:5 | Gained mutation: You expend magic power (3 MP) to
                  | strengthen your wands. [potion of mutation]
 71873 | Depths:5 | Voluntarily entered the Abyss.
 71935 | Abyss:1  | Reached skill level 15 in Armour
 72134 | Abyss:1  | Found a basalt altar of Yredelemnul.
 72158 | Abyss:1  | Found a roughly hewn altar of Beogh.
 72169 | Abyss:1  | Paralysed by accursed screaming for 1 turns
 72790 | Abyss:4  | Got an abyssal rune of Zot
 72817 | Abyss:5  | Entered Level 5 of the Abyss
 72818 | Abyss:5  | Found a corrupted altar of Lugonu.
 72855 | Depths:5 | Escaped the Abyss
 72916 | Pan      | Entered Pandemonium
 72916 | Pan      | Noticed Vonaqy the pandemonium lord
 72924 | Pan      | Killed Vonaqy the pandemonium lord
 72941 | Depths:3 | Escaped Pandemonium
 73005 | Pan      | Entered Pandemonium
 73123 | Pan      | Noticed Wouziq the pandemonium lord
 73142 | Pan      | Killed Wouziq the pandemonium lord
 73172 | Pan      | Lost mutation: Your body sometimes deteriorates upon taking
                  | damage. [potion of mutation]
 73172 | Pan      | Lost mutation: You expend magic power (3 MP) to strengthen
                  | your wands. [potion of mutation]
 73172 | Pan      | Gained mutation: Your muscles are strong. (Str +2) [potion
                  | of mutation]
 73172 | Pan      | Gained mutation: You are clumsy. (Dex -2) [potion of
                  | mutation]
 73172 | Pan      | Gained mutation: You can translocate small distances at
                  | will. [potion of mutation]
 73172 | Pan      | Gained mutation: You have a pair of small antennae on your
                  | head. [potion of mutation]
 73173 | Pan      | Lost mutation: You are clumsy. (Dex -2) [potion of
                  | mutation]
 73173 | Pan      | Lost mutation: You have a pair of small antennae on your
                  | head. [potion of mutation]
 73173 | Pan      | Gained mutation: Scrolls take you a little longer to read.
                  | [potion of mutation]
 73173 | Pan      | Gained mutation: Your mind is acute. (Int +2) [potion of
                  | mutation]
 73175 | Pan      | Lost mutation: Scrolls take you a little longer to read.
                  | [potion of mutation]
 73175 | Pan      | Lost mutation: Your muscles are strong. (Str +2) [potion of
                  | mutation]
 73175 | Pan      | Gained mutation: Scrolls take you a little longer to read.
                  | [potion of mutation]
 73175 | Pan      | Gained mutation: You are partially covered in icy blue
                  | scales. (AC +2) [potion of mutation]
 73175 | Pan      | Gained mutation: You are agile. (Dex +2) [potion of
                  | mutation]
 73269 | Pan      | Lost mutation: Scrolls take you a little longer to read.
                  | [potion of mutation]
 73269 | Pan      | Lost mutation: Your mind is acute. (Int +2) [potion of
                  | mutation]
 73269 | Pan      | Lost mutation: You are agile. (Dex +2) [potion of mutation]
 73269 | Pan      | Gained mutation: Your spells are a little harder to cast,
                  | but a little more powerful. [potion of mutation]
 73269 | Pan      | Gained mutation: Your natural rate of healing is unusually
                  | fast. [potion of mutation]
 73269 | Pan      | Lost mutation: You are partially covered in icy blue
                  | scales. (AC +2) [potion of mutation]
 73269 | Pan      | Gained mutation: Your muscles are strong. (Str +2) [potion
                  | of mutation]
 73446 | Pan      | Found a huge runed translucent gate.
 73452 | Pan      | Found a huge runed translucent gate.
 73465 | Pan      | Found a huge runed translucent gate.
 73466 | Pan      | Found a huge runed translucent gate.
 73467 | Pan      | Found a huge runed translucent gate.
 73468 | Pan      | Found a huge runed translucent gate.
 73469 | Pan      | Found a huge runed translucent gate.
 73491 | Pan      | Noticed Geocidwa the pandemonium lord
 73493 | Pan      | Killed Geocidwa the pandemonium lord
 73667 | Pan      | Noticed Yphouqun the pandemonium lord
 73670 | Pan      | Killed Yphouqun the pandemonium lord
 73683 | Pan      | Entered the realm of Cerebov.
 73810 | Pan      | Identified the Compendium of Blistering Moulding
 73829 | Pan      | Identified the +6 sword of Cerebov {flame}
 73829 | Pan      | Noticed Cerebov
 73868 | Pan      | Reached skill level 15 in Necromancy
 73884 | Pan      | Killed Cerebov
 73895 | Pan      | Got a fiery rune of Zot
 74109 | Pan      | Reached skill level 15 in Transmutations
 74111 | Pan      | Got a demonic rune of Zot
 74353 | Pan      | Entered the realm of Mnoleg.
 74485 | Pan      | Noticed Mnoleg
 74488 | Pan      | Killed Mnoleg
 74495 | Pan      | Got a glowing rune of Zot
 74737 | Pan      | Noticed Syoniape the pandemonium lord
 74746 | Pan      | Killed Syoniape the pandemonium lord
 74934 | Depths:3 | Escaped Pandemonium
 75024 | Pan      | Entered Pandemonium
 75088 | Pan      | Found a runed translucent door.
 75093 | Pan      | Found a runed translucent door.
 75097 | Pan      | Found a runed translucent door.
 75099 | Pan      | Noticed Qiecwof the pandemonium lord
 75102 | Pan      | Killed Qiecwof the pandemonium lord
 75116 | Pan      | Found a runed translucent door.
 75211 | Pan      | Entered the realm of Lom Lobon.
 75351 | Pan      | Noticed Lom Lobon
 75357 | Pan      | Killed Lom Lobon
 75380 | Pan      | Got a magical rune of Zot
 75444 | Pan      | Noticed Paifuw the pandemonium lord
 75447 | Pan      | Killed Paifuw the pandemonium lord
 75459 | Pan      | Entered the realm of Gloorx Vloq.
 75524 | Pan      | Got a dark rune of Zot
 75540 | Pan      | Found an exit through the horrors of the Abyss.
 75555 | Pan      | Took an exit into the Abyss.
 75555 | Abyss:1  | Escaped into the Abyss
 75597 | Depths:3 | Escaped the Abyss
 75626 | Hell     | Entered the Vestibule of Hell
 75626 | Hell     | Noticed Geryon
 75630 | Hell     | Killed Geryon
 75670 | Hell     | Found a gateway to the Iron City of Dis.
 75681 | Dis:1    | Entered Level 1 of the Iron City of Dis
 75755 | Dis:3    | You fall into a shaft and drop 3 floors!
 75809 | Dis:6    | You fall into a shaft and drop 1 floor!
 75809 | Dis:7    | Entered Level 7 of the Iron City of Dis
 75953 | Dis:7    | Identified the +4 staff of Dispater
 75953 | Dis:7    | Noticed Dispater
 75968 | Dis:7    | Got an iron rune of Zot
 76088 | Hell     | Found a gateway to the ashen valley of Gehenna.
 76097 | Geh:1    | Entered Level 1 of Gehenna
 76165 | Geh:2    | You fall into a shaft and drop 2 floors!
 76169 | Geh:4    | You fall into a shaft and drop 1 floor!
 76269 | Geh:6    | Noticed an ancient lich
 76275 | Geh:6    | Killed an ancient lich
 76290 | Geh:7    | Entered Level 7 of Gehenna
 76385 | Geh:7    | Got an obsidian rune of Zot
 76441 | Hell     | Found a gateway to the decaying netherworld of Tartarus.
 76449 | Tar:1    | Entered Level 1 of Tartarus
 77103 | Dis:7    | Killed Dispater
 77830 | Tar:7    | Entered Level 7 of Tartarus
 77867 | Tar:7    | Reached skill level 19 in Evocations
 77964 | Tar:7    | Reached skill level 20 in Evocations
 77989 | Tar:7    | Found the +9 staff of Olgreb {rPois}
 77989 | Tar:7    | Found the +8 arc blade {discharge, rElec}
 77990 | Tar:7    | Got a bone rune of Zot
 78086 | Hell     | Found a gateway to the freezing wastes of Cocytus.
 78097 | Coc:1    | Entered Level 1 of Cocytus
 78303 | Coc:3    | Reached skill level 21 in Evocations
 78308 | Coc:3    | You fall into a shaft and drop 3 floors!
 78339 | Coc:7    | Entered Level 7 of Cocytus
 78410 | Coc:7    | Reached skill level 22 in Evocations
 78431 | Coc:7    | Got an icy rune of Zot
 78815 | Tomb:1   | Entered Level 1 of the Tomb of the Ancients
 78898 | Tomb:1   | Noticed a greater mummy
 78898 | Tomb:1   | Noticed a greater mummy
 78901 | Tomb:1   | Killed a greater mummy
 78903 | Tomb:1   | Killed a greater mummy
 78903 | Tomb:1   | Noticed a greater mummy
 78905 | Tomb:1   | Killed a greater mummy
 78906 | Tomb:1   | Noticed a greater mummy
 78906 | Tomb:1   | Noticed Sojobo
 78906 | Tomb:1   | Noticed Khufu
 78907 | Tomb:1   | Noticed a greater mummy
 78982 | Tomb:1   | Killed Khufu
 78982 | Tomb:1   | Reached skill level 23 in Evocations
 78982 | Tomb:1   | Killed Sojobo
 78983 | Tomb:1   | Noticed a greater mummy
 78984 | Tomb:1   | Killed a greater mummy
 78984 | Tomb:1   | Killed a greater mummy
 78986 | Tomb:1   | Killed a greater mummy
 78989 | Tomb:1   | Noticed a greater mummy
 78992 | Tomb:1   | Killed a greater mummy
 78993 | Tomb:1   | Noticed Jory
 78996 | Tomb:1   | Killed Jory
 79061 | Tomb:1   | Noticed a greater mummy
 79063 | Tomb:1   | Reached skill level 24 in Evocations
 79065 | Tomb:1   | Killed a greater mummy
 79070 | Tomb:1   | Noticed a greater mummy
 79073 | Tomb:1   | Killed a greater mummy
 79075 | Tomb:1   | Noticed a greater mummy
 79076 | Tomb:1   | Killed a greater mummy
 79153 | Tomb:1   | Reached skill level 25 in Evocations
 79164 | Tomb:1   | Noticed a greater mummy
 79164 | Tomb:1   | Noticed a greater mummy
 79165 | Tomb:1   | Noticed a greater mummy
 79167 | Tomb:1   | Killed a greater mummy
 79167 | Tomb:1   | Killed a greater mummy
 79167 | Tomb:1   | Killed a greater mummy
 79177 | Tomb:1   | Noticed a greater mummy
 79181 | Tomb:1   | Noticed a greater mummy
 79181 | Tomb:1   | Killed a greater mummy
 79184 | Tomb:1   | Killed a greater mummy
 79225 | Tomb:1   | Noticed a greater mummy
 79232 | Tomb:1   | Killed a greater mummy
 79292 | Tomb:2   | Reached skill level 26 in Evocations
 79298 | Tomb:2   | Noticed a greater mummy
 79298 | Tomb:2   | Noticed a greater mummy
 79298 | Tomb:2   | Noticed a greater mummy
 79300 | Tomb:2   | Killed a greater mummy
 79300 | Tomb:2   | Killed a greater mummy
 79301 | Tomb:2   | Killed a greater mummy
 79304 | Tomb:2   | Noticed a greater mummy
 79305 | Tomb:2   | Noticed a greater mummy
 79308 | Tomb:2   | Killed a greater mummy
 79309 | Tomb:2   | Killed a greater mummy
 79458 | Tomb:3   | Entered Level 3 of the Tomb of the Ancients
 79462 | Tomb:3   | Reached skill level 27 in Evocations
 79466 | Tomb:3   | Noticed a greater mummy
 79467 | Tomb:3   | Noticed a greater mummy
 79469 | Tomb:3   | Noticed a greater mummy
 79470 | Tomb:3   | Noticed a greater mummy
 79471 | Tomb:3   | Killed a greater mummy
 79472 | Tomb:3   | Killed a greater mummy
 79472 | Tomb:3   | Killed a greater mummy
 79474 | Tomb:3   | Killed a greater mummy
 79482 | Tomb:3   | Noticed a greater mummy
 79485 | Tomb:3   | Noticed a greater mummy
 79485 | Tomb:3   | Noticed a greater mummy
 79486 | Tomb:3   | Killed a greater mummy
 79489 | Tomb:3   | Killed a greater mummy
 79489 | Tomb:3   | Killed a greater mummy
 79489 | Tomb:3   | Noticed a greater mummy
 79491 | Tomb:3   | Killed a greater mummy
 79491 | Tomb:3   | Noticed a greater mummy
 79499 | Tomb:3   | Killed a greater mummy
 79514 | Tomb:3   | Got a golden rune of Zot
 79566 | Tomb:3   | Found the +8 demon trident "Rift" {distort, reach+}
 79581 | Tomb:3   | Got a brightly glowing iron amulet
 79582 | Tomb:3   | Identified the amulet "Utokogg" {Inacc Int+4 Stlth+} (You
                  | found it on level 3 of the Tomb of the Ancients)
 79592 | Tomb:3   | Got a shimmering copper ring
 79593 | Tomb:3   | Identified the ring of Fallacy {rN+ Int+3 Dex+2} (You found
                  | it on level 3 of the Tomb of the Ancients)
 80188 | Zot:5    | Got the Orb of Zot
 80293 | Zot:1    | Noticed Heceps the pandemonium lord
 80295 | Zot:1    | Killed Heceps the pandemonium lord
 80748 | D:2      | Killed Terence
 80810 | D:$      | Escaped with the Orb!

Levels and vault maps discovered:
D:1:      sevenhm_arrival_forest_fort_large_3, layout_basic
D:2:      layout_loops_ring, lemuel_round_altar, uniq_terence, uniq_robin
D:3:      layout_loops_ring, chequers_temple_overflow_minitemple,
          cheibrodos_sewer_entry_drain, grunt_ministairs_3
D:4:      minmay_opposing_rooms, layout_basic, lemuel_doored_altar,
          overflow_temple_1_default, first_ration, minmay_ruined_shrine
D:5:      cheibrodos_barr_body, layout_rooms, marbit_many_paths,
          minmay_temple_entry_ruins, serial_park_tiny_2
D:6:      layout_rooms
D:7:      layout_basic, uniq_menkaure
D:8:      layout_basic, lemuel_crystal_altar, enter_bailey_3,
          ebering_ghost_inner_flame
D:9:      lemuel_insect_pit, layout_gridville,
          grunt_temple_overflow_champion_of_chaos, cheibrodos_ashenzari_chains,
          hangedman_ranch [blue_anna_fruit_fields]
D:10:     layout_gridville, lair_entry_dummy, serial_shops,
          nicolae_shop_overgrown_old_shop, minivault_1, minivault_22
D:11:     layout_rooms, erik_orc_3, serial_curves, eino_curves_01,
          eino_curves_03, amethyst_killhole, lemuel_nasty_fountain
D:12:     layout_roguey
D:13:     layout_roguey, david_vaults_1, minmay_guarded_unrand_vampires_tooth,
          uniq_urug
D:14:     layout_loops_ring, gauntlet_entry_generic, kennysheep_pointless_box,
          uniq_kirke, uniq_frances
D:15:     grunt_enter_depths_snipers, layout_stronghold,
          gammafunk_ghost_berserking_beasts, serial_shops, shop,
          minmay_misc_feat_ornament
Temple:   zaba_magenta_temple
Lair:1:   layout_hall_layers, beast_lair_carwin_6
Lair:2:   layout_small_grid, minmay_snake_entry_spellcaster, uniq_prince_ribbit2
Lair:3:   layout_cave_shapes, portal_ice_cave_rime, serial_bayou_shore_a,
          grunt_megastairs_1, lemuel_fruit_tree
Lair:4:   layout_cave_shapes, minmay_shoals_entry_beasts,
          chequers_serial_rivers_marsh
Lair:5:   layout_gridlike, slime_altar_2, wad_woods_road_05,
          infiniplex_staircase_pool
Lair:6:   grunt_lair_end_beastmaster, layout_gridlike, basic_altar,
          grunt_megastairs_3
Shoals:1: layout_shoals, uniq_louise
Shoals:2: layout_shoals, nicolae_shoals_square_sea_wall,
          nicolae_shoals_so_close, uniq_ilsuiw
Shoals:3: layout_shoals
Shoals:4: shoals_end_grunt_ice, layout_shoals, nicolae_shoals_mertower
Snake:1:  layout_onion, grunt_ministairs_1
Snake:2:  layout_onion, grunt_megastairs_2, minmay_shoptagon
Snake:3:  layout_rooms
Snake:4:  snake_pit_salamanders_mu, layout_cave_town, basic_altar
Slime:1:  layout_caves
Slime:2:  cheibrodos_slime_lost_civilization_3, layout_caves
Slime:3:  layout_caves
Slime:4:  layout_caves
Slime:5
Orc:1:    layout_caves, basic_altar, serial_shops, shop, uniq_snorg
Orc:2:    st_orc_elflike, layout_caves, gammafunk_ghost_necromancy
Elf:1:    kennysheep_six_static_rooms, layout_onion_city, minmay_elf_sorcery
Elf:2:    layout_onion_city, ebering_ghost_disaster_area,
          portal_desolation_entry_nicolae_nacl, nrook_mini_backslash
Elf:3:    minmay_elf_hall_hex, layout_rooms, gammafunk_ghost_split,
          serial_shops, nicolae_shop_competitors_out_of_business
Vaults:1: v_rooms_5, hangedman_vaults_cutoff, v_misc_5,
          nicolae_vaults_hallways_thing, v_pattern_1, hangedman_vaults_stream,
          v_misc_27, vaults_room_pools, nicolae_vaults_rhombus_5,
          nicolae_vaults_diagonal_hallway_6, ontoclasm_vaults_decontamination,
          layout_vaults_big_room
Vaults:2: nicolae_vaults_triangles, v_rooms_4,
          hangedman_vaults_stretched_pinwheel, nicolae_vaults_twisting_passages,
          vaults_room_guarded_vault, nicolae_vaults_sealed_display,
          nicolae_vaults_little_squares_3, vaults_standard_mumra_lines,
          nicolae_vaults_yaktaur_gun_rack, vaults_room_large_hall,
          layout_vaults_omnigrid
Vaults:3: v_misc_31, hangedman_vaults_hat, nicolae_vaults_network_quinsquares
          [nicolae_vaults_network_quincunx_subvault,
          nicolae_vaults_network_quincunx_subvault,
          nicolae_vaults_network_quincunx_subvault,
          nicolae_vaults_network_quincunx_subvault], v_alt_pattern_5,
          dpeg_vaults_monster_row, v_pattern_2, nicolae_vaults_little_squares_4,
          minmay_crypt_entry_vampire_xt, nicolae_vaults_rhombus_6,
          ontoclasm_vaults_ligature, vaults_room_grid, layout_vaults_omnibox
Vaults:4: v_misc_5, vaults_standard_mumra_enter_the_diamond, st_smaller_cells,
          nicolae_vaults_what_the_h, ontoclasm_vaults_claustrophobia,
          vaults_dpeg_doors, nicolae_vaults_alarming, grunt_vaults_bifocal,
          hangedman_vaults_slice, ontoclasm_vaults_twist,
          nicolae_vaults_little_squares_5, vaults_room_hallway,
          nicolae_vaults_mini_display_case, layout_vaults_omnicross
Vaults:5: serial_shops
Crypt:1:  layout_chaotic_city, minmay_guarded_unrand_curses,
          grunt_crypt_arrival_webbed
Crypt:2:  lemuel_minitomb, layout_chaotic_city, uniq_donald
Crypt:3:  evilmike_haunted_forest
Tomb:1:   uniq_khufu, uniq_jory, uniq_sojobo
Tomb:2
Tomb:3
Depths:1: layout_gridlike, hell_entry, ebering_ghost_rock_garden, minivault_16,
          minmay_crystal_box, uniq_nikola
Depths:2: minmay_the_grid_octo_tiled_octocenter_mashed
          [minmay_the_grid_octo_checkerflower,
          minmay_the_grid_octo_tetromino_candy, minmay_the_grid_octo_horde,
          minmay_the_grid_octo_empty, minmay_the_grid_octo_prize_single_spiral,
          minmay_the_grid_square_5x5_corner, minmay_the_grid_square_5x5_inner_v,
          minmay_the_grid_square_5x5_doubleslash,
          minmay_the_grid_square_5x5_tetrominoes], layout_cave_shapes,
          enter_ziggurat_f, serial_sigils, serial_sigils_hangedman_quiver,
          serial_sigils_hangedman_quiver, serial_sigils_hangedman_writhe,
          serial_sigils_hangedman_quiver, hell_entry,
          chequers_serial_rivers_marsh
Depths:3: grunt_profane_halls [grunt_profane_temple_dis,
          grunt_profane_temple_coc, grunt_profane_temple_geh,
          grunt_profane_temple_tar, grunt_profane_loot], hell_entry, pan_entry
Depths:4: cheibrodos_cascadia, layout_cave_shapes, serial_shops, shop,
          grunt_hell_entry_demonic_statue, abyss_entry, lemuel_statue_altar,
          infiniplex_staircase_star, serial_bayou_shore_b
Depths:5: lemuel_castle_with_subvaults [lemuel_castle_interior_carwin_3],
          layout_gridlike, grunt_hell_entry_dis_old, abyss_entry,
          patterned_corridor, drop_trap, uniq_frederick
Hell
Dis:1:    kennysheep_iron_temple, layout_gridville
Dis:2:    lemuel_mystery_crypt, layout_gridville
Dis:3:    lemuel_dis_dragons, layout_chaotic_city, hangedman_dis_chains
Dis:4:    layout_gridville
Dis:5:    layout_chaotic_city, evilmike_ambush [evilmike_ambush_outer_corners,
          evilmike_ambush_inner_pond]
Dis:6:    layout_subdivisions, nicolae_dis_strange_trophy_room
Dis:7:    iron_city_of_dis [dis_mu, dis_wall_8], layout_chaotic_city
Geh:1:    layout_gehenna_lava_caves
Geh:2:    layout_gehenna_lava_caves
Geh:4:    layout_gehenna_pools_triple
Geh:5:    layout_gehenna_pools_triple
Geh:6:    layout_gehenna_lava_caves, special_room [special_room_morgue]
Geh:7:    geh_mu
Coc:1:    layout_cocytus_water_paths
Coc:2:    layout_cocytus_water_paths
Coc:3:    layout_ice_bergs
Coc:6:    layout_ice_bergs
Coc:7:    coc_dpeg
Tar:1:    layout_catacombs
Tar:2:    layout_catacombs
Tar:3:    layout_catacombs
Tar:4:    layout_grid_maze, evilmike_ambush [evilmike_ambush_outer_doors,
          evilmike_ambush_inner_basic]
Tar:5:    layout_cathedral_of_symmetry, lemuel_nasty_pond
Tar:6:    layout_honeycomb
Tar:7:    tar_minmay_river
Zot:1:    layout_onion_interference
Zot:2:    layout_misc_corridors, st_stairs_11
Zot:3:    layout_gridlike
Zot:4:    nicolae_moth_party, layout_onion
Zot:5:    layout_misc_corridors

Skill      XL: |  1  2  3  4  5  6  7  8  9 10 11 12 13 14 15 16 17 18 19 20 21 22 23 24 25 26 27 |
---------------+----------------------------------------------------------------------------------+-----
Spellcasting   | 4 7 8 12 13 14 16 20 26 | 26.1
Conjurations   | 3 4 5 8 10 13 14 15 16 17 18 20 21 22 23 | 23.1
Fire Magic     | 4 5 8 10 12 14 15 16 17 18 20 21 22 23 | 23.1
Shields        | 4 |  4.0
Fighting       | 4 6 7 24 | 24.6
Dodging        | 6 7 11 20 | 20.1
Evocations     | 5 27 | 27.0
Armour         | 4 6 8 13 18 | 18.0
Stealth        | 3 16 17 22 | 22.1
Ice Magic      | 6 13 17 18 | 18.4
Summonings     | 4 |  4.1
Earth Magic    | 9 14 16 18 21 | 21.1
Charms         | 4 |  4.8
Necromancy     | 5 16 | 16.5
Translocations | 10 15 | 15.9
Air Magic      | 18 | 18.2
Transmutations | 15 | 15.3
Staves         | 12 | 12.0
Short Blades   | |  0.2

Action                   |  1- 3 |  4- 6 |  7- 9 | 10-12 | 13-15 | 16-18 | 19-21 | 22-24 | 25-27 || total
-------------------------+-------+-------+-------+-------+-------+-------+-------+-------+-------++-------
Melee: Dagger            |     3 |       |   121 |    27 |    42 |       |       |       |       ||   193
       Mace              |       |       |    25 |       |    59 |       |       |       |       ||    84
       Staff             |       |       |    14 |    31 |    74 |     1 |    19 |    69 |   806 ||  1014
       Quick blade       |       |       |       |       |    18 |       |     2 |       |       ||    20
 Fire: Hunting sling     |     7 |   122 |    60 |       |       |       |       |       |       ||   189
Throw: Stone             |     3 |       |     8 |     9 |     4 |       |       |       |       ||    24
 Cast: Flame Tongue      |    60 |    80 |    61 |    18 |    13 |       |       |       |       ||   232
       Throw Flame       |     4 |       |       |       |       |       |       |       |       ||     4
       Conjure Flame     |     1 |     8 |     6 |     4 |     8 |       |       |       |       ||    27
       Sticky Flame      |       |    15 |    53 |    71 |    82 |    13 |       |       |       ||   234
       Fireball          |       |       |    19 |   105 |   387 |   404 |    52 |    87 |    79 ||  1133
       Sandblast         |       |       |     6 |       |     2 |       |       |       |       ||     8
       Stone Arrow       |       |       |       |     4 |    40 |       |       |       |       ||    44
       Lightning Bolt    |       |       |       |       |     4 |       |       |       |       ||     4
       Iron Shot         |       |       |       |       |       |    32 |    39 |    17 |       ||    88
       Blink             |       |       |       |       |       |     9 |     2 |     5 |    16 ||    32
       Passage of Golubr |       |       |       |       |       |     3 |       |       |       ||     3
       Ozocubu's Refrige |       |       |       |       |       |    22 |       |       |       ||    22
       Fire Storm        |       |       |       |       |       |    49 |   215 |   139 |   587 ||   990
       Summon Butterflie |       |       |       |       |       |       |     3 |       |     4 ||     7
       Lehudib's Crystal |       |       |       |       |       |       |       |     4 |   245 ||   249
       Regeneration      |       |       |       |       |       |       |       |     4 |    33 ||    37
       Swiftness         |       |       |       |       |       |       |       |     3 |     5 ||     8
       Glaciate          |       |       |       |       |       |       |       |       |   268 ||   268
       Shatter           |       |       |       |       |       |       |       |       |   145 ||   145
       Necromutation     |       |       |       |       |       |       |       |       |   107 ||   107
       Statue Form       |       |       |       |       |       |       |       |       |    19 ||    19
       Tornado           |       |       |       |       |       |       |       |       |    18 ||    18
       Controlled Blink  |       |       |       |       |       |       |       |       |    13 ||    13
       Apportation       |       |       |       |       |       |       |       |       |    11 ||    11
 Abil: Evoke Blink       |       |       |       |       |    13 |       |       |       |       ||    13
       End Transformatio |       |       |       |       |       |       |       |       |    19 ||    19
Evoke: Wand              |       |       |       |     3 |     5 |     8 |     1 |    12 |     2 ||    31
       Lamp of fire      |       |       |       |       |     2 |     2 |       |       |       ||     4
       Lightning rod     |       |       |       |       |     1 |     7 |       |       |     1 ||     9
       Staff of Dispater |       |       |       |       |       |       |       |       |     3 ||     3
  Use: Scroll            |     1 |     4 |    12 |     5 |    31 |    12 |    14 |    11 |    74 ||   164
       Potion            |       |     1 |     2 |     2 |    10 |       |     5 |     1 |    51 ||    72
 Stab: Sleeping          |       |       |     5 |     1 |     5 |       |       |       |     7 ||    18
       Distracted        |       |       |       |       |       |       |       |       |     9 ||     9
  Eat: Chunk             |     3 |     5 |    17 |    19 |    21 |    10 |    47 |     7 |    31 ||   160
       Ration            |       |     2 |     2 |     4 |    10 |    12 |    10 |     8 |    22 ||    70
Armor: Robe              |     4 |     3 |    36 |       |    42 |     2 |     2 |    18 |    29 ||   136
       Leather armour    |       |     2 |    12 |    39 |    52 |     1 |       |       |       ||   106
       Troll leather arm |       |       |       |       |     9 |    36 |     6 |     8 |   410 ||   469
       Skin              |       |       |       |       |       |       |       |       |    10 ||    10
Dodge: Dodged            |    20 |    28 |   135 |    73 |   186 |    94 |    43 |    81 |  1344 ||  2004
Block: Buckler           |       |       |    11 |    26 |    76 |    36 |    15 |    46 |   423 ||   633
